Workbook
Name ___INDEX_SHEET___ASAP_Utilities: #REF!
Name __BCC10: #REF!
Name __BCC14: #REF!
Name __OCC03: #REF!
Name __OCC15: #REF!
Name _BCC10: #REF!
Name _BCC14: #REF!
Name _OCC03: #REF!
Name _OCC15: #REF!
Name Annual_Actuals_Prior_Year: #REF!
Name Annual_Budget: #REF!
Name Annual_Budget_Capital_Spending: #REF!
Name Annual_Budgeted_Balance_Sheet: #REF!
Name BridgeBudget: #REF!
Name BS_Period_13: #REF!
Name BU41SUM: #REF!
Name BUOTnExp: #REF!
Name CAfile: #REF!
Name CArevReq: #REF!
Name CBYear.Date: #REF!
Name CDM_2007: #REF!
Name ClassRange1: #REF!
Name ClassRange2: #REF!
Name Clothing: #REF!
Name contactf: #REF!
Name Current_Period_Actuals: #REF!
Name Current_Period_Actuals_Prior_Year: #REF!
Name Current_Period_Budget_Balance_Sheet: #REF!
Name Current_Period_Budgets: #REF!
Name d: #REF!
Name db: #REF!
Name EDR_06_OthInfo: #REF!
Name EDR06Tariffs: #REF!
Name Final_Budgeted_Balance_Sheet: #REF!
Name FObject: #REF!
Name FolderPath: #REF!
Name g: #REF!
Name GL_reconciliation: #REF!
Name histdate: #REF!
Name IFRSMTH: #REF!
Name impactdata: #REF!
Name Incr2000: #REF!
Name IRM1Actuals: #REF!
Name IRM2Actuals: #REF!
Name IRM3Actuals: #REF!
Name labour: #REF!
Name LabourData: #REF!
Name LabourES: #REF!
Name LastCOSActuals: #REF!
Name LastCOSBudget: #REF!
Name LIMIT: #REF!
Name Local_Distribution_Company_List: #REF!
Name man_beg_bud: #REF!
Name man_end_bud: #REF!
Name man12ACT: #REF!
Name MANBUD: #REF!
Name manCYACT: #REF!
Name manCYBUD: #REF!
Name manCYF: #REF!
Name MANEND: #REF!

Sheet Utility Info
B6: ADVANCE CAPITAL MODULE REFUND RATE RIDER CALCULATION
B7: for Advance Capital Module (ACM) Rate Rider Revenue Refund Proposal
B10: Utility Name | C10: London Hydro Inc.
B11: Assigned EB Number | C11: EB-2026-0056
B12: Name and Title | C12: Mike Packer, Director, Regulatory Affairs
B13: Phone Number | C13: 519-661-5800 Ext 5750
B14: Email Address | C14: packerm@londonhydro.com
B15: Last COS rebasing Year | C15: 2022

Sheet ACM RR Revenue
B7: Summary of ACM Rate Rider Revenues with Interest by Rate Class:
B9: 1508 ACM RATE RIDER REVENUES
B10: Rate Class | C10: RR Collected May-Dec, 2024 | D10: RR Collected Jan-Dec, 2025 | E10: RR Collected Jan-Jun, 2026 | F10: RR Expected Collection Jul-Dec, 2026 | G10: RR Expected Collection Jan-Apr, 2027 | H10: ACM Principal RR Revenues | I10: ACM Interest | J10: 1508 ACM RR Revenue Total Balance
C11: $ | D11: $ | E11: $ | F11: $ | G11: $ | H11: $ | I11: $ | J11: $
B12: RESIDENTIAL SERVICE | C12: =+$I71 -> 48810.63 | D12: =+$I72 -> 73941.5 | E12: =+$I73 -> 36387.43 | F12: =+$I74 -> 37995.59 | G12: =+$I75 -> 24951.83 | H12: =+SUM(C12:G12) -> 222086.98 | I12: =+K76 -> 8911.84 | J12: =+I12+H12 -> 230998.82
B13: GENERAL SERVICE LESS THAN 50 KW | C13: =+$O71 -> 9623.07 | D13: =+$O72 -> 14607.64 | E13: =+$O73 -> 7163.25 | F13: =+$O74 -> 7518.37 | G13: =+$O75 -> 4943.1 | H13: =+SUM(C13:G13) -> 43855.43 | I13: =+Q76 -> 1756.09 | J13: =+I13+H13 -> 45611.52
B14: GENERAL SERVICE 50 TO 4,999 KW | C14: =+$U71 -> 12220.96 | D14: =+$U72 -> 18672.71 | E14: =+$U73 -> 9573.01 | F14: =+$U74 -> 9254.05 | G14: =+$U75 -> 6197.35 | H14: =+SUM(C14:G14) -> 55918.08 | I14: =+W76 -> 2254.14 | J14: =+I14+H14 -> 58172.22
B15: GENERAL SERVICE 1,000 TO 4,999 KW (CO-GENERATION) | C15: =+$AA71 -> 91.83 | D15: =+$AA72 -> 142.28 | E15: =+$AA73 -> 70.14 | F15: =+$AA74 -> 69.83 | G15: =+$AA75 -> 46.76 | H15: =+SUM(C15:G15) -> 420.84 | I15: =+AC76 -> 17.04 | J15: =+I15+H15 -> 437.88
B16: STANDBY POWER | C16: 0 | D16: 0 | E16: 0 | F16: 0 | G16: 0 | H16: =+SUM(C16:G16) -> 0 | I16: 0 | J16: =+I16+H16 -> 0
B17: LARGE USE SERVICE | C17: =+$AG71 -> 1233.82 | D17: =+$AG72 -> 1851.12 | E17: =+$AG73 -> 925.56 | F17: =+$AG74 -> 925.82 | G17: =+$AG75 -> 617.04 | H17: =+SUM(C17:G17) -> 5553.36 | I17: =+AI76 -> 225.07 | J17: =+I17+H17 -> 5778.43
B18: STREET LIGHTING | C18: 0 | D18: 0 | E18: 0 | F18: 0 | G18: 0 | H18: =+SUM(C18:G18) -> 0 | I18: 0 | J18: =+I18+H18 -> 0
B19: SENTINEL LIGHTING | C19: =+$AM71 -> 39.29 | D19: =+$AM72 -> 57.73 | E19: =+$AM73 -> 27.95 | F19: =+$AM74 -> 28.99 | G19: =+$AM75 -> 18.72 | H19: =+SUM(C19:G19) -> 172.68 | I19: =+AO76 -> 7.02 | J19: =+I19+H19 -> 179.7
B20: UNMETERED SCATTERED LOAD | C20: =+$AS71 -> 125.59 | D20: =+$AS72 -> 188.9 | E20: =+$AS73 -> 95.06 | F20: =+$AS74 -> 94.6 | G20: =+$AS75 -> 63.35 | H20: =+SUM(C20:G20) -> 567.5 | I20: =+AU76 -> 22.98 | J20: =+I20+H20 -> 590.48
B22: Total | C22: =SUM(C12:C20) -> 72145.19 | D22: =SUM(D12:D20) -> 109461.88 | E22: =SUM(E12:E20) -> 54242.4 | F22: =SUM(F12:F20) -> 55887.25 | G22: =SUM(G12:G20) -> 36838.15 | H22: =SUM(H12:H20) -> 328574.87 | I22: =SUM(I12:I20) -> 13194.18 | J22: =SUM(J12:J20) -> 341769.05
B24: The OEB approved ACM Rate Rider is in effect for the period of May 2024 until the effective date of the next Cost of Service based rate order.
B25: The summary of ACM Rate Rider Revenues include revenues collected from customers during May 2024 to June 2026 and forecasted revenues for the period of July 2026 to April 2027.
B26: ACM Rate Rider Revenues were not collected from Street Lighting and Standby Power rate classes.
B27: Carrying charges were calculated using the Board prescribed interest rates.
B30: ACM Rate Rider Revenue Calculations by Rate Class:
B32: 1508 ACM RATE RIDER REVENUES | H32: =+B12 -> RESIDENTIAL SERVICE | N32: =+B13 -> GENERAL SERVICE LESS THAN 50 KW | T32: =+B14 -> GENERAL SERVICE 50 TO 4,999 KW | Z32: =+B15 -> GENERAL SERVICE 1,000 TO 4,999 KW (CO-GENERATION) | AF32: =+B17 -> LARGE USE SERVICE | AL32: =+B19 -> SENTINEL LIGHTING | AR32: =+B20 -> UNMETERED SCATTERED LOAD
B33: Month | C33: Days | D33: Interest Rate | E33: Principal Transactions | F33: Interest Transactions | G33: Total Transactions | H33: Opening Principal Balance | I33: ACM RR Billed / Forecasted | J33: Closing Principal Balance | K33: Interest Earned | L33: Closing Interest | M33: RESIDENTIAL Closing Balance | N33: Opening Principal Balance | O33: ACM RR Billed / Forecasted | P33: Closing Principal Balance | Q33: Interest Earned | R33: Closing Interest | S33: GS<50 Closing Balance | T33: Opening Principal Balance | U33: ACM RR Billed / Forecasted | V33: Closing Principal Balance | W33: Interest Earned | X33: Closing Interest | Y33: GS>50 Closing Balance | Z33: Opening Principal Balance | AA33: ACM RR Billed / Forecasted | AB33: Closing Principal Balance | AC33: Interest Earned | AD33: Closing Interest | AE33: COGEN Closing Balance | AF33: Opening Principal Balance | AG33: ACM RR Billed / Forecasted | AH33: Closing Principal Balance | AI33: Interest Earned | AJ33: Closing Interest | AK33: LU Closing Balance | AL33: Opening Principal Balance | AM33: ACM RR Billed / Forecasted | AN33: Closing Principal Balance | AO33: Interest Earned | AP33: Closing Interest | AQ33: SENL Closing Balance | AR33: Opening Principal Balance | AS33: ACM RR Billed / Forecasted | AT33: Closing Principal Balance | AU33: Interest Earned | AV33: Closing Interest | AW33: UNM Closing Balance
D34: % | E34: $ | F34: $ | G34: $ | H34: $ | I34: $ | J34: $ | K34: $ | L34: $ | M34: $ | N34: $ | O34: $ | P34: $ | Q34: $ | R34: $ | S34: $ | T34: $ | U34: $ | V34: $ | W34: $ | X34: $ | Y34: $ | Z34: $ | AA34: $ | AB34: $ | AC34: $ | AD34: $ | AE34: $ | AF34: $ | AG34: $ | AH34: $ | AI34: $ | AJ34: $ | AK34: $ | AL34: $ | AM34: $ | AN34: $ | AO34: $ | AP34: $ | AQ34: $ | AR34: $ | AS34: $ | AT34: $ | AU34: $ | AV34: $ | AW34: $
B35: 45443 | C35: 31 | D35: 0.0549 | E35: =+I35+O35+U35+AA35+AG35+AM35+AS35 -> 9016.16 | F35: =+K35+Q35+W35+AC35+AI35+AO35+AU35 -> 0 | G35: =+F35+E35 -> 9016.16 | H35: 0 | I35: 6109.26 | J35: =SUM(H35:I35) -> 6109.26 | K35: =ROUND(SUM(H35*$D35*$C35/366),2) -> 0 | L35: =+K35 -> 0 | M35: =+L35+J35 -> 6109.26 | N35: 0 | O35: 1199.62 | P35: =SUM(N35:O35) -> 1199.62 | Q35: =ROUND(SUM(N35*$D35*$C35/366),2) -> 0 | R35: =+Q35 -> 0 | S35: =+R35+P35 -> 1199.62 | T35: 0 | U35: 1519.92 | V35: =SUM(T35:U35) -> 1519.92 | W35: =ROUND(SUM(T35*$D35*$C35/366),2) -> 0 | X35: =+W35 -> 0 | Y35: =+X35+V35 -> 1519.92 | Z35: 0 | AA35: 12 | AB35: =SUM(Z35:AA35) -> 12 | AC35: =ROUND(SUM(Z35*$D35*$C35/366),2) -> 0 | AD35: =+AC35 -> 0 | AE35: =+AD35+AB35 -> 12 | AF35: 0 | AG35: 154 | AH35: =SUM(AF35:AG35) -> 154 | AI35: =ROUND(SUM(AF35*$D35*$C35/366),2) -> 0 | AJ35: =+AI35 -> 0 | AK35: =+AJ35+AH35 -> 154 | AL35: 0 | AM35: 5.34 | AN35: =SUM(AL35:AM35) -> 5.34 | AO35: =ROUND(SUM(AL35*$D35*$C35/366),2) -> 0 | AP35: =+AO35 -> 0 | AQ35: =+AP35+AN35 -> 5.34 | AR35: 0 | AS35: 16.02 | AT35: =SUM(AR35:AS35) -> 16.02 | AU35: =ROUND(SUM(AR35*$D35*$C35/366),2) -> 0 | AV35: =+AU35 -> 0 | AW35: =+AV35+AT35 -> 16.02
B36: =+B35+C36 -> 45473 | C36: 30 | D36: =D35 -> 0.0549 | E36: =+I36+O36+U36+AA36+AG36+AM36+AS36 -> 7847.9 | F36: =+K36+Q36+W36+AC36+AI36+AO36+AU36 -> 40.56 | G36: =+F36+E36 -> 7888.46 | H36: =+J35 -> 6109.26 | I36: 5216.42 | J36: =SUM(H36:I36) -> 11325.68 | K36: =ROUND(SUM(H36*$D36*$C36/366),2) -> 27.49 | L36: =+L35+K36 -> 27.49 | M36: =+L36+J36 -> 11353.17 | N36: =+P35 -> 1199.62 | O36: 989.43 | P36: =SUM(N36:O36) -> 2189.05 | Q36: =ROUND(SUM(N36*$D36*$C36/366),2) -> 5.4 | R36: =+R35+Q36 -> 5.4 | S36: =+R36+P36 -> 2194.45 | T36: =+V35 -> 1519.92 | U36: 1455.83 | V36: =SUM(T36:U36) -> 2975.75 | W36: =ROUND(SUM(T36*$D36*$C36/366),2) -> 6.84 | X36: =+X35+W36 -> 6.84 | Y36: =+X36+V36 -> 2982.59 | Z36: =+AB35 -> 12 | AA36: 11.69 | AB36: =SUM(Z36:AA36) -> 23.69 | AC36: =ROUND(SUM(Z36*$D36*$C36/366),2) -> 0.05 | AD36: =+AD35+AC36 -> 0.05 | AE36: =+AD36+AB36 -> 23.74 | AF36: =+AH35 -> 154 | AG36: 154.26 | AH36: =SUM(AF36:AG36) -> 308.26 | AI36: =ROUND(SUM(AF36*$D36*$C36/366),2) -> 0.69 | AJ36: =+AJ35+AI36 -> 0.69 | AK36: =+AJ36+AH36 -> 308.95 | AL36: =+AN35 -> 5.34 | AM36: 4.63 | AN36: =SUM(AL36:AM36) -> 9.97 | AO36: =ROUND(SUM(AL36*$D36*$C36/366),2) -> 0.02 | AP36: =+AP35+AO36 -> 0.02 | AQ36: =+AP36+AN36 -> 9.99 | AR36: =+AT35 -> 16.02 | AS36: 15.64 | AT36: =SUM(AR36:AS36) -> 31.66 | AU36: =ROUND(SUM(AR36*$D36*$C36/366),2) -> 0.07 | AV36: =+AV35+AU36 -> 0.07 | AW36: =+AV36+AT36 -> 31.73
B37: =+B36+C37 -> 45504 | C37: 31 | D37: 0.052 | E37: =+I37+O37+U37+AA37+AG37+AM37+AS37 -> 9267.31 | F37: =+K37+Q37+W37+AC37+AI37+AO37+AU37 -> 74.27 | G37: =+F37+E37 -> 9341.58 | H37: =+J36 -> 11325.68 | I37: 6313.3 | J37: =SUM(H37:I37) -> 17638.98 | K37: =ROUND(SUM(H37*$D37*$C37/366),2) -> 49.88 | L37: =+L36+K37 -> 77.37 | M37: =+L37+J37 -> 17716.35 | N37: =+P36 -> 2189.05 | O37: 1240.95 | P37: =SUM(N37:O37) -> 3430 | Q37: =ROUND(SUM(N37*$D37*$C37/366),2) -> 9.64 | R37: =+R36+Q37 -> 15.04 | S37: =+R37+P37 -> 3445.04 | T37: =+V36 -> 2975.75 | U37: 1526.76 | V37: =SUM(T37:U37) -> 4502.51 | W37: =ROUND(SUM(T37*$D37*$C37/366),2) -> 13.11 | X37: =+X36+W37 -> 19.95 | Y37: =+X37+V37 -> 4522.46 | Z37: =+AB36 -> 23.69 | AA37: 11.69 | AB37: =SUM(Z37:AA37) -> 35.38 | AC37: =ROUND(SUM(Z37*$D37*$C37/366),2) -> 0.1 | AD37: =+AD36+AC37 -> 0.15 | AE37: =+AD37+AB37 -> 35.53 | AF37: =+AH36 -> 308.26 | AG37: 154.26 | AH37: =SUM(AF37:AG37) -> 462.52 | AI37: =ROUND(SUM(AF37*$D37*$C37/366),2) -> 1.36 | AJ37: =+AJ36+AI37 -> 2.05 | AK37: =+AJ37+AH37 -> 464.57 | AL37: =+AN36 -> 9.97 | AM37: 4.67 | AN37: =SUM(AL37:AM37) -> 14.64 | AO37: =ROUND(SUM(AL37*$D37*$C37/366),2) -> 0.04 | AP37: =+AP36+AO37 -> 0.06 | AQ37: =+AP37+AN37 -> 14.7 | AR37: =+AT36 -> 31.66 | AS37: 15.68 | AT37: =SUM(AR37:AS37) -> 47.34 | AU37: =ROUND(SUM(AR37*$D37*$C37/366),2) -> 0.14 | AV37: =+AV36+AU37 -> 0.21 | AW37: =+AV37+AT37 -> 47.55
B38: =+B37+C38 -> 45535 | C38: 31 | D38: =D37 -> 0.052 | E38: =+I38+O38+U38+AA38+AG38+AM38+AS38 -> 9007.37 | F38: =+K38+Q38+W38+AC38+AI38+AO38+AU38 -> 115.1 | G38: =+F38+E38 -> 9122.47 | H38: =+J37 -> 17638.98 | I38: 6085.87 | J38: =SUM(H38:I38) -> 23724.85 | K38: =ROUND(SUM(H38*$D38*$C38/366),2) -> 77.69 | L38: =+L37+K38 -> 155.06 | M38: =+L38+J38 -> 23879.91 | N38: =+P37 -> 3430 | O38: 1201.19 | P38: =SUM(N38:O38) -> 4631.19 | Q38: =ROUND(SUM(N38*$D38*$C38/366),2) -> 15.11 | R38: =+R37+Q38 -> 30.15 | S38: =+R38+P38 -> 4661.34 | T38: =+V37 -> 4502.51 | U38: 1535.16 | V38: =SUM(T38:U38) -> 6037.67 | W38: =ROUND(SUM(T38*$D38*$C38/366),2) -> 19.83 | X38: =+X37+W38 -> 39.78 | Y38: =+X38+V38 -> 6077.45 | Z38: =+AB37 -> 35.38 | AA38: 10.02 | AB38: =SUM(Z38:AA38) -> 45.4 | AC38: =ROUND(SUM(Z38*$D38*$C38/366),2) -> 0.16 | AD38: =+AD37+AC38 -> 0.31 | AE38: =+AD38+AB38 -> 45.71 | AF38: =+AH37 -> 462.52 | AG38: 154.26 | AH38: =SUM(AF38:AG38) -> 616.78 | AI38: =ROUND(SUM(AF38*$D38*$C38/366),2) -> 2.04 | AJ38: =+AJ37+AI38 -> 4.09 | AK38: =+AJ38+AH38 -> 620.87 | AL38: =+AN37 -> 14.64 | AM38: 5.2 | AN38: =SUM(AL38:AM38) -> 19.84 | AO38: =ROUND(SUM(AL38*$D38*$C38/366),2) -> 0.06 | AP38: =+AP37+AO38 -> 0.12 | AQ38: =+AP38+AN38 -> 19.96 | AR38: =+AT37 -> 47.34 | AS38: 15.67 | AT38: =SUM(AR38:AS38) -> 63.01 | AU38: =ROUND(SUM(AR38*$D38*$C38/366),2) -> 0.21 | AV38: =+AV37+AU38 -> 0.42 | AW38: =+AV38+AT38 -> 63.43
B39: =+B38+C39 -> 45565 | C39: 30 | D39: =D38 -> 0.052 | E39: =+I39+O39+U39+AA39+AG39+AM39+AS39 -> 8757.99 | F39: =+K39+Q39+W39+AC39+AI39+AO39+AU39 -> 149.76 | G39: =+F39+E39 -> 8907.75 | H39: =+J38 -> 23724.85 | I39: 5878.3 | J39: =SUM(H39:I39) -> 29603.15 | K39: =ROUND(SUM(H39*$D39*$C39/366),2) -> 101.12 | L39: =+L38+K39 -> 256.18 | M39: =+L39+J39 -> 29859.33 | N39: =+P38 -> 4631.19 | O39: 1151.6 | P39: =SUM(N39:O39) -> 5782.79 | Q39: =ROUND(SUM(N39*$D39*$C39/366),2) -> 19.74 | R39: =+R38+Q39 -> 49.89 | S39: =+R39+P39 -> 5832.68 | T39: =+V38 -> 6037.67 | U39: 1540.16 | V39: =SUM(T39:U39) -> 7577.83 | W39: =ROUND(SUM(T39*$D39*$C39/366),2) -> 25.73 | X39: =+X38+W39 -> 65.51 | Y39: =+X39+V39 -> 7643.34 | Z39: =+AB38 -> 45.4 | AA39: 13.36 | AB39: =SUM(Z39:AA39) -> 58.76 | AC39: =ROUND(SUM(Z39*$D39*$C39/366),2) -> 0.19 | AD39: =+AD38+AC39 -> 0.5 | AE39: =+AD39+AB39 -> 59.26 | AF39: =+AH38 -> 616.78 | AG39: 154.26 | AH39: =SUM(AF39:AG39) -> 771.04 | AI39: =ROUND(SUM(AF39*$D39*$C39/366),2) -> 2.63 | AJ39: =+AJ38+AI39 -> 6.72 | AK39: =+AJ39+AH39 -> 777.76 | AL39: =+AN38 -> 19.84 | AM39: 4.66 | AN39: =SUM(AL39:AM39) -> 24.5 | AO39: =ROUND(SUM(AL39*$D39*$C39/366),2) -> 0.08 | AP39: =+AP38+AO39 -> 0.2 | AQ39: =+AP39+AN39 -> 24.7 | AR39: =+AT38 -> 63.01 | AS39: 15.65 | AT39: =SUM(AR39:AS39) -> 78.66 | AU39: =ROUND(SUM(AR39*$D39*$C39/366),2) -> 0.27 | AV39: =+AV38+AU39 -> 0.69 | AW39: =+AV39+AT39 -> 79.35
B40: =+B39+C40 -> 45596 | C40: 31 | D40: 0.044 | E40: =+I40+O40+U40+AA40+AG40+AM40+AS40 -> 9455.12 | F40: =+K40+Q40+W40+AC40+AI40+AO40+AU40 -> 163.58 | G40: =+F40+E40 -> 9618.7 | H40: =+J39 -> 29603.15 | I40: 6436.96 | J40: =SUM(H40:I40) -> 36040.11 | K40: =ROUND(SUM(H40*$D40*$C40/366),2) -> 110.32 | L40: =+L39+K40 -> 366.5 | M40: =+L40+J40 -> 36406.61 | N40: =+P39 -> 5782.79 | O40: 1285.09 | P40: =SUM(N40:O40) -> 7067.88 | Q40: =ROUND(SUM(N40*$D40*$C40/366),2) -> 21.55 | R40: =+R39+Q40 -> 71.44 | S40: =+R40+P40 -> 7139.32 | T40: =+V39 -> 7577.83 | U40: 1546.37 | V40: =SUM(T40:U40) -> 9124.2 | W40: =ROUND(SUM(T40*$D40*$C40/366),2) -> 28.24 | X40: =+X39+W40 -> 93.75 | Y40: =+X40+V40 -> 9217.95 | Z40: =+AB39 -> 58.76 | AA40: 11.69 | AB40: =SUM(Z40:AA40) -> 70.45 | AC40: =ROUND(SUM(Z40*$D40*$C40/366),2) -> 0.22 | AD40: =+AD39+AC40 -> 0.72 | AE40: =+AD40+AB40 -> 71.17 | AF40: =+AH39 -> 771.04 | AG40: 154.26 | AH40: =SUM(AF40:AG40) -> 925.3 | AI40: =ROUND(SUM(AF40*$D40*$C40/366),2) -> 2.87 | AJ40: =+AJ39+AI40 -> 9.59 | AK40: =+AJ40+AH40 -> 934.89 | AL40: =+AN39 -> 24.5 | AM40: 5.12 | AN40: =SUM(AL40:AM40) -> 29.62 | AO40: =ROUND(SUM(AL40*$D40*$C40/366),2) -> 0.09 | AP40: =+AP39+AO40 -> 0.29 | AQ40: =+AP40+AN40 -> 29.91 | AR40: =+AT39 -> 78.66 | AS40: 15.63 | AT40: =SUM(AR40:AS40) -> 94.29 | AU40: =ROUND(SUM(AR40*$D40*$C40/366),2) -> 0.29 | AV40: =+AV39+AU40 -> 0.98 | AW40: =+AV40+AT40 -> 95.27
B41: =+B40+C41 -> 45626 | C41: 30 | D41: =D40 -> 0.044 | E41: =+I41+O41+U41+AA41+AG41+AM41+AS41 -> 8930.67 | F41: =+K41+Q41+W41+AC41+AI41+AO41+AU41 -> 192.42 | G41: =+F41+E41 -> 9123.09 | H41: =+J40 -> 36040.11 | I41: 6009.71 | J41: =SUM(H41:I41) -> 42049.82 | K41: =ROUND(SUM(H41*$D41*$C41/366),2) -> 129.98 | L41: =+L40+K41 -> 496.48 | M41: =+L41+J41 -> 42546.3 | N41: =+P40 -> 7067.88 | O41: 1188.13 | P41: =SUM(N41:O41) -> 8256.01 | Q41: =ROUND(SUM(N41*$D41*$C41/366),2) -> 25.49 | R41: =+R40+Q41 -> 96.93 | S41: =+R41+P41 -> 8352.94 | T41: =+V40 -> 9124.2 | U41: 1546.39 | V41: =SUM(T41:U41) -> 10670.59 | W41: =ROUND(SUM(T41*$D41*$C41/366),2) -> 32.91 | X41: =+X40+W41 -> 126.66 | Y41: =+X41+V41 -> 10797.25 | Z41: =+AB40 -> 70.45 | AA41: 11.69 | AB41: =SUM(Z41:AA41) -> 82.14 | AC41: =ROUND(SUM(Z41*$D41*$C41/366),2) -> 0.25 | AD41: =+AD40+AC41 -> 0.97 | AE41: =+AD41+AB41 -> 83.11 | AF41: =+AH40 -> 925.3 | AG41: 154.26 | AH41: =SUM(AF41:AG41) -> 1079.56 | AI41: =ROUND(SUM(AF41*$D41*$C41/366),2) -> 3.34 | AJ41: =+AJ40+AI41 -> 12.93 | AK41: =+AJ41+AH41 -> 1092.49 | AL41: =+AN40 -> 29.62 | AM41: 4.84 | AN41: =SUM(AL41:AM41) -> 34.46 | AO41: =ROUND(SUM(AL41*$D41*$C41/366),2) -> 0.11 | AP41: =+AP40+AO41 -> 0.4 | AQ41: =+AP41+AN41 -> 34.86 | AR41: =+AT40 -> 94.29 | AS41: 15.65 | AT41: =SUM(AR41:AS41) -> 109.94 | AU41: =ROUND(SUM(AR41*$D41*$C41/366),2) -> 0.34 | AV41: =+AV40+AU41 -> 1.32 | AW41: =+AV41+AT41 -> 111.26
B42: =+B41+C42 -> 45657 | C42: 31 | D42: =D41 -> 0.044 | E42: =+I42+O42+U42+AA42+AG42+AM42+AS42 -> 9862.67 | F42: =+K42+Q42+W42+AC42+AI42+AO42+AU42 -> 232.12 | G42: =+F42+E42 -> 10094.79 | H42: =+J41 -> 42049.82 | I42: 6760.81 | J42: =SUM(H42:I42) -> 48810.63 | K42: =ROUND(SUM(H42*$D42*$C42/366),2) -> 156.71 | L42: =+L41+K42 -> 653.19 | M42: =+L42+J42 -> 49463.82 | N42: =+P41 -> 8256.01 | O42: 1367.06 | P42: =SUM(N42:O42) -> 9623.07 | Q42: =ROUND(SUM(N42*$D42*$C42/366),2) -> 30.77 | R42: =+R41+Q42 -> 127.7 | S42: =+R42+P42 -> 9750.77 | T42: =+V41 -> 10670.59 | U42: 1550.37 | V42: =SUM(T42:U42) -> 12220.96 | W42: =ROUND(SUM(T42*$D42*$C42/366),2) -> 39.77 | X42: =+X41+W42 -> 166.43 | Y42: =+X42+V42 -> 12387.39 | Z42: =+AB41 -> 82.14 | AA42: 9.69 | AB42: =SUM(Z42:AA42) -> 91.83 | AC42: =ROUND(SUM(Z42*$D42*$C42/366),2) -> 0.31 | AD42: =+AD41+AC42 -> 1.28 | AE42: =+AD42+AB42 -> 93.11 | AF42: =+AH41 -> 1079.56 | AG42: 154.26 | AH42: =SUM(AF42:AG42) -> 1233.82 | AI42: =ROUND(SUM(AF42*$D42*$C42/366),2) -> 4.02 | AJ42: =+AJ41+AI42 -> 16.95 | AK42: =+AJ42+AH42 -> 1250.77 | AL42: =+AN41 -> 34.46 | AM42: 4.83 | AN42: =SUM(AL42:AM42) -> 39.29 | AO42: =ROUND(SUM(AL42*$D42*$C42/366),2) -> 0.13 | AP42: =+AP41+AO42 -> 0.53 | AQ42: =+AP42+AN42 -> 39.82 | AR42: =+AT41 -> 109.94 | AS42: 15.65 | AT42: =SUM(AR42:AS42) -> 125.59 | AU42: =ROUND(SUM(AR42*$D42*$C42/366),2) -> 0.41 | AV42: =+AV41+AU42 -> 1.73 | AW42: =+AV42+AT42 -> 127.32
B43: =+B42+C43 -> 45688 | C43: 31 | D43: 0.0364 | E43: =+I43+O43+U43+AA43+AG43+AM43+AS43 -> 8473.58 | F43: =+K43+Q43+W43+AC43+AI43+AO43+AU43 -> 223.03 | G43: =+F43+E43 -> 8696.61 | H43: =+J42 -> 48810.63 | I43: 5667.71 | J43: =SUM(H43:I43) -> 54478.34 | K43: =ROUND(SUM(H43*$D43*$C43/SUM($C$43:$C$54)),2) -> 150.9 | L43: =+L42+K43 -> 804.09 | M43: =+L43+J43 -> 55282.43 | N43: =+P42 -> 9623.07 | O43: 1079.54 | P43: =SUM(N43:O43) -> 10702.61 | Q43: =ROUND(SUM(N43*$D43*$C43/SUM($C$43:$C$54)),2) -> 29.75 | R43: =+R42+Q43 -> 157.45 | S43: =+R43+P43 -> 10860.06 | T43: =+V42 -> 12220.96 | U43: 1539.43 | V43: =SUM(T43:U43) -> 13760.39 | W43: =ROUND(SUM(T43*$D43*$C43/SUM($C$43:$C$54)),2) -> 37.78 | X43: =+X42+W43 -> 204.21 | Y43: =+X43+V43 -> 13964.6 | Z43: =+AB42 -> 91.83 | AA43: 12.02 | AB43: =SUM(Z43:AA43) -> 103.85 | AC43: =ROUND(SUM(Z43*$D43*$C43/SUM($C$43:$C$54)),2) -> 0.28 | AD43: =+AD42+AC43 -> 1.56 | AE43: =+AD43+AB43 -> 105.41 | AF43: =+AH42 -> 1233.82 | AG43: 154.26 | AH43: =SUM(AF43:AG43) -> 1388.08 | AI43: =ROUND(SUM(AF43*$D43*$C43/SUM($C$43:$C$54)),2) -> 3.81 | AJ43: =+AJ42+AI43 -> 20.76 | AK43: =+AJ43+AH43 -> 1408.84 | AL43: =+AN42 -> 39.29 | AM43: 4.95 | AN43: =SUM(AL43:AM43) -> 44.24 | AO43: =ROUND(SUM(AL43*$D43*$C43/SUM($C$43:$C$54)),2) -> 0.12 | AP43: =+AP42+AO43 -> 0.65 | AQ43: =+AP43+AN43 -> 44.89 | AR43: =+AT42 -> 125.59 | AS43: 15.67 | AT43: =SUM(AR43:AS43) -> 141.26 | AU43: =ROUND(SUM(AR43*$D43*$C43/SUM($C$43:$C$54)),2) -> 0.39 | AV43: =+AV42+AU43 -> 2.12 | AW43: =+AV43+AT43 -> 143.38
B44: =+B43+C44 -> 45716 | C44: 28 | D44: =D43 -> 0.0364 | E44: =+I44+O44+U44+AA44+AG44+AM44+AS44 -> 8715.88 | F44: =+K44+Q44+W44+AC44+AI44+AO44+AU44 -> 225.11 | G44: =+F44+E44 -> 8940.99 | H44: =+J43 -> 54478.34 | I44: 5827.73 | J44: =SUM(H44:I44) -> 60306.07 | K44: =ROUND(SUM(H44*$D44*$C44/SUM($C$43:$C$54)),2) -> 152.12 | L44: =+L43+K44 -> 956.21 | M44: =+L44+J44 -> 61262.28 | N44: =+P43 -> 10702.61 | O44: 1151.78 | P44: =SUM(N44:O44) -> 11854.39 | Q44: =ROUND(SUM(N44*$D44*$C44/SUM($C$43:$C$54)),2) -> 29.89 | R44: =+R43+Q44 -> 187.34 | S44: =+R44+P44 -> 12041.73 | T44: =+V43 -> 13760.39 | U44: 1548.52 | V44: =SUM(T44:U44) -> 15308.91 | W44: =ROUND(SUM(T44*$D44*$C44/SUM($C$43:$C$54)),2) -> 38.42 | X44: =+X43+W44 -> 242.63 | Y44: =+X44+V44 -> 15551.54 | Z44: =+AB43 -> 103.85 | AA44: 13.36 | AB44: =SUM(Z44:AA44) -> 117.21 | AC44: =ROUND(SUM(Z44*$D44*$C44/SUM($C$43:$C$54)),2) -> 0.29 | AD44: =+AD43+AC44 -> 1.85 | AE44: =+AD44+AB44 -> 119.06 | AF44: =+AH43 -> 1388.08 | AG44: 154.26 | AH44: =SUM(AF44:AG44) -> 1542.34 | AI44: =ROUND(SUM(AF44*$D44*$C44/SUM($C$43:$C$54)),2) -> 3.88 | AJ44: =+AJ43+AI44 -> 24.64 | AK44: =+AJ44+AH44 -> 1566.98 | AL44: =+AN43 -> 44.24 | AM44: 4.57 | AN44: =SUM(AL44:AM44) -> 48.81 | AO44: =ROUND(SUM(AL44*$D44*$C44/SUM($C$43:$C$54)),2) -> 0.12 | AP44: =+AP43+AO44 -> 0.77 | AQ44: =+AP44+AN44 -> 49.58 | AR44: =+AT43 -> 141.26 | AS44: 15.66 | AT44: =SUM(AR44:AS44) -> 156.92 | AU44: =ROUND(SUM(AR44*$D44*$C44/SUM($C$43:$C$54)),2) -> 0.39 | AV44: =+AV43+AU44 -> 2.51 | AW44: =+AV44+AT44 -> 159.43
B45: =+B44+C45 -> 45747 | C45: 31 | D45: =D44 -> 0.0364 | E45: =+I45+O45+U45+AA45+AG45+AM45+AS45 -> 9238.69 | F45: =+K45+Q45+W45+AC45+AI45+AO45+AU45 -> 276.19 | G45: =+F45+E45 -> 9514.88 | H45: =+J44 -> 60306.07 | I45: 6266.53 | J45: =SUM(H45:I45) -> 66572.6 | K45: =ROUND(SUM(H45*$D45*$C45/SUM($C$43:$C$54)),2) -> 186.44 | L45: =+L44+K45 -> 1142.65 | M45: =+L45+J45 -> 67715.25 | N45: =+P44 -> 11854.39 | O45: 1236.01 | P45: =SUM(N45:O45) -> 13090.4 | Q45: =ROUND(SUM(N45*$D45*$C45/SUM($C$43:$C$54)),2) -> 36.65 | R45: =+R44+Q45 -> 223.99 | S45: =+R45+P45 -> 13314.39 | T45: =+V44 -> 15308.91 | U45: 1549.4 | V45: =SUM(T45:U45) -> 16858.31 | W45: =ROUND(SUM(T45*$D45*$C45/SUM($C$43:$C$54)),2) -> 47.33 | X45: =+X44+W45 -> 289.96 | Y45: =+X45+V45 -> 17148.27 | Z45: =+AB44 -> 117.21 | AA45: 11.69 | AB45: =SUM(Z45:AA45) -> 128.9 | AC45: =ROUND(SUM(Z45*$D45*$C45/SUM($C$43:$C$54)),2) -> 0.36 | AD45: =+AD44+AC45 -> 2.21 | AE45: =+AD45+AB45 -> 131.11 | AF45: =+AH44 -> 1542.34 | AG45: 154.26 | AH45: =SUM(AF45:AG45) -> 1696.6 | AI45: =ROUND(SUM(AF45*$D45*$C45/SUM($C$43:$C$54)),2) -> 4.77 | AJ45: =+AJ44+AI45 -> 29.41 | AK45: =+AJ45+AH45 -> 1726.01 | AL45: =+AN44 -> 48.81 | AM45: 5.13 | AN45: =SUM(AL45:AM45) -> 53.94 | AO45: =ROUND(SUM(AL45*$D45*$C45/SUM($C$43:$C$54)),2) -> 0.15 | AP45: =+AP44+AO45 -> 0.92 | AQ45: =+AP45+AN45 -> 54.86 | AR45: =+AT44 -> 156.92 | AS45: 15.67 | AT45: =SUM(AR45:AS45) -> 172.59 | AU45: =ROUND(SUM(AR45*$D45*$C45/SUM($C$43:$C$54)),2) -> 0.49 | AV45: =+AV44+AU45 -> 3 | AW45: =+AV45+AT45 -> 175.59
B46: =+B45+C46 -> 45777 | C46: 30 | D46: 0.0316 | E46: =+I46+O46+U46+AA46+AG46+AM46+AS46 -> 8835.02 | F46: =+K46+Q46+W46+AC46+AI46+AO46+AU46 -> 256.03 | G46: =+F46+E46 -> 9091.05 | H46: =+J45 -> 66572.6 | I46: 5960.33 | J46: =SUM(H46:I46) -> 72532.93 | K46: =ROUND(SUM(H46*$D46*$C46/SUM($C$43:$C$54)),2) -> 172.91 | L46: =+L45+K46 -> 1315.56 | M46: =+L46+J46 -> 73848.49 | N46: =+P45 -> 13090.4 | O46: 1150.95 | P46: =SUM(N46:O46) -> 14241.35 | Q46: =ROUND(SUM(N46*$D46*$C46/SUM($C$43:$C$54)),2) -> 34 | R46: =+R45+Q46 -> 257.99 | S46: =+R46+P46 -> 14499.34 | T46: =+V45 -> 16858.31 | U46: 1537.36 | V46: =SUM(T46:U46) -> 18395.67 | W46: =ROUND(SUM(T46*$D46*$C46/SUM($C$43:$C$54)),2) -> 43.79 | X46: =+X45+W46 -> 333.75 | Y46: =+X46+V46 -> 18729.42 | Z46: =+AB45 -> 128.9 | AA46: 11.69 | AB46: =SUM(Z46:AA46) -> 140.59 | AC46: =ROUND(SUM(Z46*$D46*$C46/SUM($C$43:$C$54)),2) -> 0.33 | AD46: =+AD45+AC46 -> 2.54 | AE46: =+AD46+AB46 -> 143.13 | AF46: =+AH45 -> 1696.6 | AG46: 154.26 | AH46: =SUM(AF46:AG46) -> 1850.86 | AI46: =ROUND(SUM(AF46*$D46*$C46/SUM($C$43:$C$54)),2) -> 4.41 | AJ46: =+AJ45+AI46 -> 33.82 | AK46: =+AJ46+AH46 -> 1884.68 | AL46: =+AN45 -> 53.94 | AM46: 4.71 | AN46: =SUM(AL46:AM46) -> 58.65 | AO46: =ROUND(SUM(AL46*$D46*$C46/SUM($C$43:$C$54)),2) -> 0.14 | AP46: =+AP45+AO46 -> 1.06 | AQ46: =+AP46+AN46 -> 59.71 | AR46: =+AT45 -> 172.59 | AS46: 15.72 | AT46: =SUM(AR46:AS46) -> 188.31 | AU46: =ROUND(SUM(AR46*$D46*$C46/SUM($C$43:$C$54)),2) -> 0.45 | AV46: =+AV45+AU46 -> 3.45 | AW46: =+AV46+AT46 -> 191.76
B47: =+B46+C47 -> 45808 | C47: 31 | D47: =D46 -> 0.0316 | E47: =+I47+O47+U47+AA47+AG47+AM47+AS47 -> 9332.06 | F47: =+K47+Q47+W47+AC47+AI47+AO47+AU47 -> 288.28 | G47: =+F47+E47 -> 9620.34 | H47: =+J46 -> 72532.93 | I47: 6334.59 | J47: =SUM(H47:I47) -> 78867.52 | K47: =ROUND(SUM(H47*$D47*$C47/SUM($C$43:$C$54)),2) -> 194.67 | L47: =+L46+K47 -> 1510.23 | M47: =+L47+J47 -> 80377.75 | N47: =+P46 -> 14241.35 | O47: 1273.81 | P47: =SUM(N47:O47) -> 15515.16 | Q47: =ROUND(SUM(N47*$D47*$C47/SUM($C$43:$C$54)),2) -> 38.22 | R47: =+R46+Q47 -> 296.21 | S47: =+R47+P47 -> 15811.37 | T47: =+V46 -> 18395.67 | U47: 1537.44 | V47: =SUM(T47:U47) -> 19933.11 | W47: =ROUND(SUM(T47*$D47*$C47/SUM($C$43:$C$54)),2) -> 49.37 | X47: =+X46+W47 -> 383.12 | Y47: =+X47+V47 -> 20316.23 | Z47: =+AB46 -> 140.59 | AA47: 11.69 | AB47: =SUM(Z47:AA47) -> 152.28 | AC47: =ROUND(SUM(Z47*$D47*$C47/SUM($C$43:$C$54)),2) -> 0.38 | AD47: =+AD46+AC47 -> 2.92 | AE47: =+AD47+AB47 -> 155.2 | AF47: =+AH46 -> 1850.86 | AG47: 154.26 | AH47: =SUM(AF47:AG47) -> 2005.12 | AI47: =ROUND(SUM(AF47*$D47*$C47/SUM($C$43:$C$54)),2) -> 4.97 | AJ47: =+AJ46+AI47 -> 38.79 | AK47: =+AJ47+AH47 -> 2043.91 | AL47: =+AN46 -> 58.65 | AM47: 4.58 | AN47: =SUM(AL47:AM47) -> 63.23 | AO47: =ROUND(SUM(AL47*$D47*$C47/SUM($C$43:$C$54)),2) -> 0.16 | AP47: =+AP46+AO47 -> 1.22 | AQ47: =+AP47+AN47 -> 64.45 | AR47: =+AT46 -> 188.31 | AS47: 15.69 | AT47: =SUM(AR47:AS47) -> 204 | AU47: =ROUND(SUM(AR47*$D47*$C47/SUM($C$43:$C$54)),2) -> 0.51 | AV47: =+AV46+AU47 -> 3.96 | AW47: =+AV47+AT47 -> 207.96
B48: =+B47+C48 -> 45838 | C48: 30 | D48: =D47 -> 0.0316 | E48: =+I48+O48+U48+AA48+AG48+AM48+AS48 -> 9137.52 | F48: =+K48+Q48+W48+AC48+AI48+AO48+AU48 -> 303.21 | G48: =+F48+E48 -> 9440.73 | H48: =+J47 -> 78867.52 | I48: 6181.45 | J48: =SUM(H48:I48) -> 85048.97 | K48: =ROUND(SUM(H48*$D48*$C48/SUM($C$43:$C$54)),2) -> 204.84 | L48: =+L47+K48 -> 1715.07 | M48: =+L48+J48 -> 86764.04 | N48: =+P47 -> 15515.16 | O48: 1217.43 | P48: =SUM(N48:O48) -> 16732.59 | Q48: =ROUND(SUM(N48*$D48*$C48/SUM($C$43:$C$54)),2) -> 40.3 | R48: =+R47+Q48 -> 336.51 | S48: =+R48+P48 -> 17069.1 | T48: =+V47 -> 19933.11 | U48: 1552.47 | V48: =SUM(T48:U48) -> 21485.58 | W48: =ROUND(SUM(T48*$D48*$C48/SUM($C$43:$C$54)),2) -> 51.77 | X48: =+X47+W48 -> 434.89 | Y48: =+X48+V48 -> 21920.47 | Z48: =+AB47 -> 152.28 | AA48: 11.69 | AB48: =SUM(Z48:AA48) -> 163.97 | AC48: =ROUND(SUM(Z48*$D48*$C48/SUM($C$43:$C$54)),2) -> 0.4 | AD48: =+AD47+AC48 -> 3.32 | AE48: =+AD48+AB48 -> 167.29 | AF48: =+AH47 -> 2005.12 | AG48: 154.26 | AH48: =SUM(AF48:AG48) -> 2159.38 | AI48: =ROUND(SUM(AF48*$D48*$C48/SUM($C$43:$C$54)),2) -> 5.21 | AJ48: =+AJ47+AI48 -> 44 | AK48: =+AJ48+AH48 -> 2203.38 | AL48: =+AN47 -> 63.23 | AM48: 4.55 | AN48: =SUM(AL48:AM48) -> 67.78 | AO48: =ROUND(SUM(AL48*$D48*$C48/SUM($C$43:$C$54)),2) -> 0.16 | AP48: =+AP47+AO48 -> 1.38 | AQ48: =+AP48+AN48 -> 69.16 | AR48: =+AT47 -> 204 | AS48: 15.67 | AT48: =SUM(AR48:AS48) -> 219.67 | AU48: =ROUND(SUM(AR48*$D48*$C48/SUM($C$43:$C$54)),2) -> 0.53 | AV48: =+AV47+AU48 -> 4.49 | AW48: =+AV48+AT48 -> 224.16
B49: =+B48+C49 -> 45869 | C49: 31 | D49: 0.0291 | E49: =+I49+O49+U49+AA49+AG49+AM49+AS49 -> 9304.51 | F49: =+K49+Q49+W49+AC49+AI49+AO49+AU49 -> 311.11 | G49: =+F49+E49 -> 9615.62 | H49: =+J48 -> 85048.97 | I49: 6296.91 | J49: =SUM(H49:I49) -> 91345.88 | K49: =ROUND(SUM(H49*$D49*$C49/SUM($C$43:$C$54)),2) -> 210.2 | L49: =+L48+K49 -> 1925.27 | M49: =+L49+J49 -> 93271.15 | N49: =+P48 -> 16732.59 | O49: 1260.49 | P49: =SUM(N49:O49) -> 17993.08 | Q49: =ROUND(SUM(N49*$D49*$C49/SUM($C$43:$C$54)),2) -> 41.35 | R49: =+R48+Q49 -> 377.86 | S49: =+R49+P49 -> 18370.94 | T49: =+V48 -> 21485.58 | U49: 1559.89 | V49: =SUM(T49:U49) -> 23045.47 | W49: =ROUND(SUM(T49*$D49*$C49/SUM($C$43:$C$54)),2) -> 53.1 | X49: =+X48+W49 -> 487.99 | Y49: =+X49+V49 -> 23533.46 | Z49: =+AB48 -> 163.97 | AA49: 11.69 | AB49: =SUM(Z49:AA49) -> 175.66 | AC49: =ROUND(SUM(Z49*$D49*$C49/SUM($C$43:$C$54)),2) -> 0.41 | AD49: =+AD48+AC49 -> 3.73 | AE49: =+AD49+AB49 -> 179.39 | AF49: =+AH48 -> 2159.38 | AG49: 154.26 | AH49: =SUM(AF49:AG49) -> 2313.64 | AI49: =ROUND(SUM(AF49*$D49*$C49/SUM($C$43:$C$54)),2) -> 5.34 | AJ49: =+AJ48+AI49 -> 49.34 | AK49: =+AJ49+AH49 -> 2362.98 | AL49: =+AN48 -> 67.78 | AM49: 5.26 | AN49: =SUM(AL49:AM49) -> 73.04 | AO49: =ROUND(SUM(AL49*$D49*$C49/SUM($C$43:$C$54)),2) -> 0.17 | AP49: =+AP48+AO49 -> 1.55 | AQ49: =+AP49+AN49 -> 74.59 | AR49: =+AT48 -> 219.67 | AS49: 16.01 | AT49: =SUM(AR49:AS49) -> 235.68 | AU49: =ROUND(SUM(AR49*$D49*$C49/SUM($C$43:$C$54)),2) -> 0.54 | AV49: =+AV48+AU49 -> 5.03 | AW49: =+AV49+AT49 -> 240.71
B50: =+B49+C50 -> 45900 | C50: 31 | D50: 0.0291 | E50: =+I50+O50+U50+AA50+AG50+AM50+AS50 -> 8966.91 | F50: =+K50+Q50+W50+AC50+AI50+AO50+AU50 -> 334.1 | G50: =+F50+E50 -> 9301.01 | H50: =+J49 -> 91345.88 | I50: 6020.11 | J50: =SUM(H50:I50) -> 97365.99 | K50: =ROUND(SUM(H50*$D50*$C50/SUM($C$43:$C$54)),2) -> 225.76 | L50: =+L49+K50 -> 2151.03 | M50: =+L50+J50 -> 99517.02 | N50: =+P49 -> 17993.08 | O50: 1201.9 | P50: =SUM(N50:O50) -> 19194.98 | Q50: =ROUND(SUM(N50*$D50*$C50/SUM($C$43:$C$54)),2) -> 44.47 | R50: =+R49+Q50 -> 422.33 | S50: =+R50+P50 -> 19617.31 | T50: =+V49 -> 23045.47 | U50: 1558.52 | V50: =SUM(T50:U50) -> 24603.99 | W50: =ROUND(SUM(T50*$D50*$C50/SUM($C$43:$C$54)),2) -> 56.96 | X50: =+X49+W50 -> 544.95 | Y50: =+X50+V50 -> 25148.94 | Z50: =+AB49 -> 175.66 | AA50: 11.69 | AB50: =SUM(Z50:AA50) -> 187.35 | AC50: =ROUND(SUM(Z50*$D50*$C50/SUM($C$43:$C$54)),2) -> 0.43 | AD50: =+AD49+AC50 -> 4.16 | AE50: =+AD50+AB50 -> 191.51 | AF50: =+AH49 -> 2313.64 | AG50: 154.26 | AH50: =SUM(AF50:AG50) -> 2467.9 | AI50: =ROUND(SUM(AF50*$D50*$C50/SUM($C$43:$C$54)),2) -> 5.72 | AJ50: =+AJ49+AI50 -> 55.06 | AK50: =+AJ50+AH50 -> 2522.96 | AL50: =+AN49 -> 73.04 | AM50: 4.71 | AN50: =SUM(AL50:AM50) -> 77.75 | AO50: =ROUND(SUM(AL50*$D50*$C50/SUM($C$43:$C$54)),2) -> 0.18 | AP50: =+AP49+AO50 -> 1.73 | AQ50: =+AP50+AN50 -> 79.48 | AR50: =+AT49 -> 235.68 | AS50: 15.72 | AT50: =SUM(AR50:AS50) -> 251.4 | AU50: =ROUND(SUM(AR50*$D50*$C50/SUM($C$43:$C$54)),2) -> 0.58 | AV50: =+AV49+AU50 -> 5.61 | AW50: =+AV50+AT50 -> 257.01
B51: =+B50+C51 -> 45930 | C51: 30 | D51: =D50 -> 0.0291 | E51: =+I51+O51+U51+AA51+AG51+AM51+AS51 -> 9069.39 | F51: =+K51+Q51+W51+AC51+AI51+AO51+AU51 -> 344.78 | G51: =+F51+E51 -> 9414.17 | H51: =+J50 -> 97365.99 | I51: 6125.59 | J51: =SUM(H51:I51) -> 103491.58 | K51: =ROUND(SUM(H51*$D51*$C51/SUM($C$43:$C$54)),2) -> 232.88 | L51: =+L50+K51 -> 2383.91 | M51: =+L51+J51 -> 105875.49 | N51: =+P50 -> 19194.98 | O51: 1203.12 | P51: =SUM(N51:O51) -> 20398.1 | Q51: =ROUND(SUM(N51*$D51*$C51/SUM($C$43:$C$54)),2) -> 45.91 | R51: =+R50+Q51 -> 468.24 | S51: =+R51+P51 -> 20866.34 | T51: =+V50 -> 24603.99 | U51: 1554.47 | V51: =SUM(T51:U51) -> 26158.46 | W51: =ROUND(SUM(T51*$D51*$C51/SUM($C$43:$C$54)),2) -> 58.85 | X51: =+X50+W51 -> 603.8 | Y51: =+X51+V51 -> 26762.26 | Z51: =+AB50 -> 187.35 | AA51: 11.69 | AB51: =SUM(Z51:AA51) -> 199.04 | AC51: =ROUND(SUM(Z51*$D51*$C51/SUM($C$43:$C$54)),2) -> 0.45 | AD51: =+AD50+AC51 -> 4.61 | AE51: =+AD51+AB51 -> 203.65 | AF51: =+AH50 -> 2467.9 | AG51: 154.26 | AH51: =SUM(AF51:AG51) -> 2622.16 | AI51: =ROUND(SUM(AF51*$D51*$C51/SUM($C$43:$C$54)),2) -> 5.9 | AJ51: =+AJ50+AI51 -> 60.96 | AK51: =+AJ51+AH51 -> 2683.12 | AL51: =+AN50 -> 77.75 | AM51: 4.56 | AN51: =SUM(AL51:AM51) -> 82.31 | AO51: =ROUND(SUM(AL51*$D51*$C51/SUM($C$43:$C$54)),2) -> 0.19 | AP51: =+AP50+AO51 -> 1.92 | AQ51: =+AP51+AN51 -> 84.23 | AR51: =+AT50 -> 251.4 | AS51: 15.7 | AT51: =SUM(AR51:AS51) -> 267.1 | AU51: =ROUND(SUM(AR51*$D51*$C51/SUM($C$43:$C$54)),2) -> 0.6 | AV51: =+AV50+AU51 -> 6.21 | AW51: =+AV51+AT51 -> 273.31
B52: =+B51+C52 -> 45961 | C52: 31 | D52: =D51 -> 0.0291 | E52: =+I52+O52+U52+AA52+AG52+AM52+AS52 -> 9297.16 | F52: =+K52+Q52+W52+AC52+AI52+AO52+AU52 -> 378.67 | G52: =+F52+E52 -> 9675.83 | H52: =+J51 -> 103491.58 | I52: 6312.06 | J52: =SUM(H52:I52) -> 109803.64 | K52: =ROUND(SUM(H52*$D52*$C52/SUM($C$43:$C$54)),2) -> 255.78 | L52: =+L51+K52 -> 2639.69 | M52: =+L52+J52 -> 112443.33 | N52: =+P51 -> 20398.1 | O52: 1211.05 | P52: =SUM(N52:O52) -> 21609.15 | Q52: =ROUND(SUM(N52*$D52*$C52/SUM($C$43:$C$54)),2) -> 50.41 | R52: =+R51+Q52 -> 518.65 | S52: =+R52+P52 -> 22127.8 | T52: =+V51 -> 26158.46 | U52: 1587.2 | V52: =SUM(T52:U52) -> 27745.66 | W52: =ROUND(SUM(T52*$D52*$C52/SUM($C$43:$C$54)),2) -> 64.65 | X52: =+X51+W52 -> 668.45 | Y52: =+X52+V52 -> 28414.11 | Z52: =+AB51 -> 199.04 | AA52: 11.69 | AB52: =SUM(Z52:AA52) -> 210.73 | AC52: =ROUND(SUM(Z52*$D52*$C52/SUM($C$43:$C$54)),2) -> 0.49 | AD52: =+AD51+AC52 -> 5.1 | AE52: =+AD52+AB52 -> 215.83 | AF52: =+AH51 -> 2622.16 | AG52: 154.26 | AH52: =SUM(AF52:AG52) -> 2776.42 | AI52: =ROUND(SUM(AF52*$D52*$C52/SUM($C$43:$C$54)),2) -> 6.48 | AJ52: =+AJ51+AI52 -> 67.44 | AK52: =+AJ52+AH52 -> 2843.86 | AL52: =+AN51 -> 82.31 | AM52: 5.13 | AN52: =SUM(AL52:AM52) -> 87.44 | AO52: =ROUND(SUM(AL52*$D52*$C52/SUM($C$43:$C$54)),2) -> 0.2 | AP52: =+AP51+AO52 -> 2.12 | AQ52: =+AP52+AN52 -> 89.56 | AR52: =+AT51 -> 267.1 | AS52: 15.77 | AT52: =SUM(AR52:AS52) -> 282.87 | AU52: =ROUND(SUM(AR52*$D52*$C52/SUM($C$43:$C$54)),2) -> 0.66 | AV52: =+AV51+AU52 -> 6.87 | AW52: =+AV52+AT52 -> 289.74
B53: =+B52+C53 -> 45991 | C53: 30 | D53: =D52 -> 0.0291 | E53: =+I53+O53+U53+AA53+AG53+AM53+AS53 -> 8960.7 | F53: =+K53+Q53+W53+AC53+AI53+AO53+AU53 -> 388.7 | G53: =+F53+E53 -> 9349.4 | H53: =+J52 -> 109803.64 | I53: 5979.24 | J53: =SUM(H53:I53) -> 115782.88 | K53: =ROUND(SUM(H53*$D53*$C53/SUM($C$43:$C$54)),2) -> 262.63 | L53: =+L52+K53 -> 2902.32 | M53: =+L53+J53 -> 118685.2 | N53: =+P52 -> 21609.15 | O53: 1229.15 | P53: =SUM(N53:O53) -> 22838.3 | Q53: =ROUND(SUM(N53*$D53*$C53/SUM($C$43:$C$54)),2) -> 51.68 | R53: =+R52+Q53 -> 570.33 | S53: =+R53+P53 -> 23408.63 | T53: =+V52 -> 27745.66 | U53: 1566.75 | V53: =SUM(T53:U53) -> 29312.41 | W53: =ROUND(SUM(T53*$D53*$C53/SUM($C$43:$C$54)),2) -> 66.36 | X53: =+X52+W53 -> 734.81 | Y53: =+X53+V53 -> 30047.22 | Z53: =+AB52 -> 210.73 | AA53: 11.69 | AB53: =SUM(Z53:AA53) -> 222.42 | AC53: =ROUND(SUM(Z53*$D53*$C53/SUM($C$43:$C$54)),2) -> 0.5 | AD53: =+AD52+AC53 -> 5.6 | AE53: =+AD53+AB53 -> 228.02 | AF53: =+AH52 -> 2776.42 | AG53: 154.26 | AH53: =SUM(AF53:AG53) -> 2930.68 | AI53: =ROUND(SUM(AF53*$D53*$C53/SUM($C$43:$C$54)),2) -> 6.64 | AJ53: =+AJ52+AI53 -> 74.08 | AK53: =+AJ53+AH53 -> 3004.76 | AL53: =+AN52 -> 87.44 | AM53: 3.8 | AN53: =SUM(AL53:AM53) -> 91.24 | AO53: =ROUND(SUM(AL53*$D53*$C53/SUM($C$43:$C$54)),2) -> 0.21 | AP53: =+AP52+AO53 -> 2.33 | AQ53: =+AP53+AN53 -> 93.57 | AR53: =+AT52 -> 282.87 | AS53: 15.81 | AT53: =SUM(AR53:AS53) -> 298.68 | AU53: =ROUND(SUM(AR53*$D53*$C53/SUM($C$43:$C$54)),2) -> 0.68 | AV53: =+AV52+AU53 -> 7.55 | AW53: =+AV53+AT53 -> 306.23
B54: =+B53+C54 -> 46022 | C54: 31 | D54: =D53 -> 0.0291 | E54: =+I54+O54+U54+AA54+AG54+AM54+AS54 -> 10130.46 | F54: =+K54+Q54+W54+AC54+AI54+AO54+AU54 -> 423.82 | G54: =+F54+E54 -> 10554.28 | H54: =+J53 -> 115782.88 | I54: 6969.25 | J54: =SUM(H54:I54) -> 122752.13 | K54: =ROUND(SUM(H54*$D54*$C54/SUM($C$43:$C$54)),2) -> 286.16 | L54: =+L53+K54 -> 3188.48 | M54: =+L54+J54 -> 125940.61 | N54: =+P53 -> 22838.3 | O54: 1392.41 | P54: =SUM(N54:O54) -> 24230.71 | Q54: =ROUND(SUM(N54*$D54*$C54/SUM($C$43:$C$54)),2) -> 56.45 | R54: =+R53+Q54 -> 626.78 | S54: =+R54+P54 -> 24857.49 | T54: =+V53 -> 29312.41 | U54: 1581.26 | V54: =SUM(T54:U54) -> 30893.67 | W54: =ROUND(SUM(T54*$D54*$C54/SUM($C$43:$C$54)),2) -> 72.45 | X54: =+X53+W54 -> 807.26 | Y54: =+X54+V54 -> 31700.93 | Z54: =+AB53 -> 222.42 | AA54: 11.69 | AB54: =SUM(Z54:AA54) -> 234.11 | AC54: =ROUND(SUM(Z54*$D54*$C54/SUM($C$43:$C$54)),2) -> 0.55 | AD54: =+AD53+AC54 -> 6.15 | AE54: =+AD54+AB54 -> 240.26 | AF54: =+AH53 -> 2930.68 | AG54: 154.26 | AH54: =SUM(AF54:AG54) -> 3084.94 | AI54: =ROUND(SUM(AF54*$D54*$C54/SUM($C$43:$C$54)),2) -> 7.24 | AJ54: =+AJ53+AI54 -> 81.32 | AK54: =+AJ54+AH54 -> 3166.26 | AL54: =+AN53 -> 91.24 | AM54: 5.78 | AN54: =SUM(AL54:AM54) -> 97.02 | AO54: =ROUND(SUM(AL54*$D54*$C54/SUM($C$43:$C$54)),2) -> 0.23 | AP54: =+AP53+AO54 -> 2.56 | AQ54: =+AP54+AN54 -> 99.58 | AR54: =+AT53 -> 298.68 | AS54: 15.81 | AT54: =SUM(AR54:AS54) -> 314.49 | AU54: =ROUND(SUM(AR54*$D54*$C54/SUM($C$43:$C$54)),2) -> 0.74 | AV54: =+AV53+AU54 -> 8.29 | AW54: =+AV54+AT54 -> 322.78
B55: =+B54+C55 -> 46053 | C55: 31 | D55: 0.0255 | E55: =+I55+O55+U55+AA55+AG55+AM55+AS55 -> 8342.01 | F55: =+K55+Q55+W55+AC55+AI55+AO55+AU55 -> 393.32 | G55: =+F55+E55 -> 8735.33 | H55: =+J54 -> 122752.13 | I55: 5514.54 | J55: =SUM(H55:I55) -> 128266.67 | K55: =ROUND(SUM(H55*$D55*$C55/SUM($C$55:$C$66)),2) -> 265.85 | L55: =+L54+K55 -> 3454.33 | M55: =+L55+J55 -> 131721 | N55: =+P54 -> 24230.71 | O55: 1057.8 | P55: =SUM(N55:O55) -> 25288.51 | Q55: =ROUND(SUM(N55*$D55*$C55/SUM($C$55:$C$66)),2) -> 52.48 | R55: =+R54+Q55 -> 679.26 | S55: =+R55+P55 -> 25967.77 | T55: =+V54 -> 30893.67 | U55: 1582.98 | V55: =SUM(T55:U55) -> 32476.65 | W55: =ROUND(SUM(T55*$D55*$C55/SUM($C$55:$C$66)),2) -> 66.91 | X55: =+X54+W55 -> 874.17 | Y55: =+X55+V55 -> 33350.82 | Z55: =+AB54 -> 234.11 | AA55: 11.69 | AB55: =SUM(Z55:AA55) -> 245.8 | AC55: =ROUND(SUM(Z55*$D55*$C55/SUM($C$55:$C$66)),2) -> 0.51 | AD55: =+AD54+AC55 -> 6.66 | AE55: =+AD55+AB55 -> 252.46 | AF55: =+AH54 -> 3084.94 | AG55: 154.26 | AH55: =SUM(AF55:AG55) -> 3239.2 | AI55: =ROUND(SUM(AF55*$D55*$C55/SUM($C$55:$C$66)),2) -> 6.68 | AJ55: =+AJ54+AI55 -> 88 | AK55: =+AJ55+AH55 -> 3327.2 | AL55: =+AN54 -> 97.02 | AM55: 4.9 | AN55: =SUM(AL55:AM55) -> 101.92 | AO55: =ROUND(SUM(AL55*$D55*$C55/SUM($C$55:$C$66)),2) -> 0.21 | AP55: =+AP54+AO55 -> 2.77 | AQ55: =+AP55+AN55 -> 104.69 | AR55: =+AT54 -> 314.49 | AS55: 15.84 | AT55: =SUM(AR55:AS55) -> 330.33 | AU55: =ROUND(SUM(AR55*$D55*$C55/SUM($C$55:$C$66)),2) -> 0.68 | AV55: =+AV54+AU55 -> 8.97 | AW55: =+AV55+AT55 -> 339.3
B56: =+B55+C56 -> 46081 | C56: 28 | D56: =D55 -> 0.0255 | E56: =+I56+O56+U56+AA56+AG56+AM56+AS56 -> 8642.65 | F56: =+K56+Q56+W56+AC56+AI56+AO56+AU56 -> 371.58 | G56: =+F56+E56 -> 9014.23 | H56: =+J55 -> 128266.67 | I56: 5749.99 | J56: =SUM(H56:I56) -> 134016.66 | K56: =ROUND(SUM(H56*$D56*$C56/SUM($C$55:$C$66)),2) -> 250.91 | L56: =+L55+K56 -> 3705.24 | M56: =+L56+J56 -> 137721.9 | N56: =+P55 -> 25288.51 | O56: 1118.49 | P56: =SUM(N56:O56) -> 26407 | Q56: =ROUND(SUM(N56*$D56*$C56/SUM($C$55:$C$66)),2) -> 49.47 | R56: =+R55+Q56 -> 728.73 | S56: =+R56+P56 -> 27135.73 | T56: =+V55 -> 32476.65 | U56: 1587.97 | V56: =SUM(T56:U56) -> 34064.62 | W56: =ROUND(SUM(T56*$D56*$C56/SUM($C$55:$C$66)),2) -> 63.53 | X56: =+X55+W56 -> 937.7 | Y56: =+X56+V56 -> 35002.32 | Z56: =+AB55 -> 245.8 | AA56: 11.69 | AB56: =SUM(Z56:AA56) -> 257.49 | AC56: =ROUND(SUM(Z56*$D56*$C56/SUM($C$55:$C$66)),2) -> 0.48 | AD56: =+AD55+AC56 -> 7.14 | AE56: =+AD56+AB56 -> 264.63 | AF56: =+AH55 -> 3239.2 | AG56: 154.26 | AH56: =SUM(AF56:AG56) -> 3393.46 | AI56: =ROUND(SUM(AF56*$D56*$C56/SUM($C$55:$C$66)),2) -> 6.34 | AJ56: =+AJ55+AI56 -> 94.34 | AK56: =+AJ56+AH56 -> 3487.8 | AL56: =+AN55 -> 101.92 | AM56: 4.42 | AN56: =SUM(AL56:AM56) -> 106.34 | AO56: =ROUND(SUM(AL56*$D56*$C56/SUM($C$55:$C$66)),2) -> 0.2 | AP56: =+AP55+AO56 -> 2.97 | AQ56: =+AP56+AN56 -> 109.31 | AR56: =+AT55 -> 330.33 | AS56: 15.83 | AT56: =SUM(AR56:AS56) -> 346.16 | AU56: =ROUND(SUM(AR56*$D56*$C56/SUM($C$55:$C$66)),2) -> 0.65 | AV56: =+AV55+AU56 -> 9.62 | AW56: =+AV56+AT56 -> 355.78
B57: =+B56+C57 -> 46112 | C57: 31 | D57: =D56 -> 0.0255 | E57: =+I57+O57+U57+AA57+AG57+AM57+AS57 -> 9683.45 | F57: =+K57+Q57+W57+AC57+AI57+AO57+AU57 -> 430.11 | G57: =+F57+E57 -> 10113.56 | H57: =+J56 -> 134016.66 | I57: 6578.44 | J57: =SUM(H57:I57) -> 140595.1 | K57: =ROUND(SUM(H57*$D57*$C57/SUM($C$55:$C$66)),2) -> 290.25 | L57: =+L56+K57 -> 3995.49 | M57: =+L57+J57 -> 144590.59 | N57: =+P56 -> 26407 | O57: 1313.32 | P57: =SUM(N57:O57) -> 27720.32 | Q57: =ROUND(SUM(N57*$D57*$C57/SUM($C$55:$C$66)),2) -> 57.19 | R57: =+R56+Q57 -> 785.92 | S57: =+R57+P57 -> 28506.24 | T57: =+V56 -> 34064.62 | U57: 1604.66 | V57: =SUM(T57:U57) -> 35669.28 | W57: =ROUND(SUM(T57*$D57*$C57/SUM($C$55:$C$66)),2) -> 73.78 | X57: =+X56+W57 -> 1011.48 | Y57: =+X57+V57 -> 36680.76 | Z57: =+AB56 -> 257.49 | AA57: 11.69 | AB57: =SUM(Z57:AA57) -> 269.18 | AC57: =ROUND(SUM(Z57*$D57*$C57/SUM($C$55:$C$66)),2) -> 0.56 | AD57: =+AD56+AC57 -> 7.7 | AE57: =+AD57+AB57 -> 276.88 | AF57: =+AH56 -> 3393.46 | AG57: 154.26 | AH57: =SUM(AF57:AG57) -> 3547.72 | AI57: =ROUND(SUM(AF57*$D57*$C57/SUM($C$55:$C$66)),2) -> 7.35 | AJ57: =+AJ56+AI57 -> 101.69 | AK57: =+AJ57+AH57 -> 3649.41 | AL57: =+AN56 -> 106.34 | AM57: 5.21 | AN57: =SUM(AL57:AM57) -> 111.55 | AO57: =ROUND(SUM(AL57*$D57*$C57/SUM($C$55:$C$66)),2) -> 0.23 | AP57: =+AP56+AO57 -> 3.2 | AQ57: =+AP57+AN57 -> 114.75 | AR57: =+AT56 -> 346.16 | AS57: 15.87 | AT57: =SUM(AR57:AS57) -> 362.03 | AU57: =ROUND(SUM(AR57*$D57*$C57/SUM($C$55:$C$66)),2) -> 0.75 | AV57: =+AV56+AU57 -> 10.37 | AW57: =+AV57+AT57 -> 372.4
B58: =+B57+C58 -> 46142 | C58: 30 | D58: =D57 -> 0.0255 | E58: =+I58+O58+U58+AA58+AG58+AM58+AS58 -> 9265.52 | F58: =+K58+Q58+W58+AC58+AI58+AO58+AU58 -> 436.52 | G58: =+F58+E58 -> 9702.04 | H58: =+J57 -> 140595.1 | I58: 6232.33 | J58: =SUM(H58:I58) -> 146827.43 | K58: =ROUND(SUM(H58*$D58*$C58/SUM($C$55:$C$66)),2) -> 294.67 | L58: =+L57+K58 -> 4290.16 | M58: =+L58+J58 -> 151117.59 | N58: =+P57 -> 27720.32 | O58: 1251.09 | P58: =SUM(N58:O58) -> 28971.41 | Q58: =ROUND(SUM(N58*$D58*$C58/SUM($C$55:$C$66)),2) -> 58.1 | R58: =+R57+Q58 -> 844.02 | S58: =+R58+P58 -> 29815.43 | T58: =+V57 -> 35669.28 | U58: 1595.51 | V58: =SUM(T58:U58) -> 37264.79 | W58: =ROUND(SUM(T58*$D58*$C58/SUM($C$55:$C$66)),2) -> 74.76 | X58: =+X57+W58 -> 1086.24 | Y58: =+X58+V58 -> 38351.03 | Z58: =+AB57 -> 269.18 | AA58: 11.69 | AB58: =SUM(Z58:AA58) -> 280.87 | AC58: =ROUND(SUM(Z58*$D58*$C58/SUM($C$55:$C$66)),2) -> 0.56 | AD58: =+AD57+AC58 -> 8.26 | AE58: =+AD58+AB58 -> 289.13 | AF58: =+AH57 -> 3547.72 | AG58: 154.26 | AH58: =SUM(AF58:AG58) -> 3701.98 | AI58: =ROUND(SUM(AF58*$D58*$C58/SUM($C$55:$C$66)),2) -> 7.44 | AJ58: =+AJ57+AI58 -> 109.13 | AK58: =+AJ58+AH58 -> 3811.11 | AL58: =+AN57 -> 111.55 | AM58: 4.81 | AN58: =SUM(AL58:AM58) -> 116.36 | AO58: =ROUND(SUM(AL58*$D58*$C58/SUM($C$55:$C$66)),2) -> 0.23 | AP58: =+AP57+AO58 -> 3.43 | AQ58: =+AP58+AN58 -> 119.79 | AR58: =+AT57 -> 362.03 | AS58: 15.83 | AT58: =SUM(AR58:AS58) -> 377.86 | AU58: =ROUND(SUM(AR58*$D58*$C58/SUM($C$55:$C$66)),2) -> 0.76 | AV58: =+AV57+AU58 -> 11.13 | AW58: =+AV58+AT58 -> 388.99
B59: =+B58+C59 -> 46173 | C59: 31 | D59: =D58 -> 0.0255 | E59: =+I59+O59+U59+AA59+AG59+AM59+AS59 -> 8920.35 | F59: =+K59+Q59+W59+AC59+AI59+AO59+AU59 -> 471.14 | G59: =+F59+E59 -> 9391.49 | H59: =+J58 -> 146827.43 | I59: 5965.61 | J59: =SUM(H59:I59) -> 152793.04 | K59: =ROUND(SUM(H59*$D59*$C59/SUM($C$55:$C$66)),2) -> 317.99 | L59: =+L58+K59 -> 4608.15 | M59: =+L59+J59 -> 157401.19 | N59: =+P58 -> 28971.41 | O59: 1168.69 | P59: =SUM(N59:O59) -> 30140.1 | Q59: =ROUND(SUM(N59*$D59*$C59/SUM($C$55:$C$66)),2) -> 62.74 | R59: =+R58+Q59 -> 906.76 | S59: =+R59+P59 -> 31046.86 | T59: =+V58 -> 37264.79 | U59: 1599.47 | V59: =SUM(T59:U59) -> 38864.26 | W59: =ROUND(SUM(T59*$D59*$C59/SUM($C$55:$C$66)),2) -> 80.71 | X59: =+X58+W59 -> 1166.95 | Y59: =+X59+V59 -> 40031.21 | Z59: =+AB58 -> 280.87 | AA59: 11.69 | AB59: =SUM(Z59:AA59) -> 292.56 | AC59: =ROUND(SUM(Z59*$D59*$C59/SUM($C$55:$C$66)),2) -> 0.61 | AD59: =+AD58+AC59 -> 8.87 | AE59: =+AD59+AB59 -> 301.43 | AF59: =+AH58 -> 3701.98 | AG59: 154.26 | AH59: =SUM(AF59:AG59) -> 3856.24 | AI59: =ROUND(SUM(AF59*$D59*$C59/SUM($C$55:$C$66)),2) -> 8.02 | AJ59: =+AJ58+AI59 -> 117.15 | AK59: =+AJ59+AH59 -> 3973.39 | AL59: =+AN58 -> 116.36 | AM59: 4.79 | AN59: =SUM(AL59:AM59) -> 121.15 | AO59: =ROUND(SUM(AL59*$D59*$C59/SUM($C$55:$C$66)),2) -> 0.25 | AP59: =+AP58+AO59 -> 3.68 | AQ59: =+AP59+AN59 -> 124.83 | AR59: =+AT58 -> 377.86 | AS59: 15.84 | AT59: =SUM(AR59:AS59) -> 393.7 | AU59: =ROUND(SUM(AR59*$D59*$C59/SUM($C$55:$C$66)),2) -> 0.82 | AV59: =+AV58+AU59 -> 11.95 | AW59: =+AV59+AT59 -> 405.65
B60: =+B59+C60 -> 46203 | C60: 30 | D60: =D59 -> 0.0255 | E60: =+I60+O60+U60+AA60+AG60+AM60+AS60 -> 9388.42 | F60: =+K60+Q60+W60+AC60+AI60+AO60+AU60 -> 474.64 | G60: =+F60+E60 -> 9863.06 | H60: =+J59 -> 152793.04 | I60: 6346.52 | J60: =SUM(H60:I60) -> 159139.56 | K60: =ROUND(SUM(H60*$D60*$C60/SUM($C$55:$C$66)),2) -> 320.24 | L60: =+L59+K60 -> 4928.39 | M60: =+L60+J60 -> 164067.95 | N60: =+P59 -> 30140.1 | O60: 1253.86 | P60: =SUM(N60:O60) -> 31393.96 | Q60: =ROUND(SUM(N60*$D60*$C60/SUM($C$55:$C$66)),2) -> 63.17 | R60: =+R59+Q60 -> 969.93 | S60: =+R60+P60 -> 32363.89 | T60: =+V59 -> 38864.26 | U60: 1602.42 | V60: =SUM(T60:U60) -> 40466.68 | W60: =ROUND(SUM(T60*$D60*$C60/SUM($C$55:$C$66)),2) -> 81.46 | X60: =+X59+W60 -> 1248.41 | Y60: =+X60+V60 -> 41715.09 | Z60: =+AB59 -> 292.56 | AA60: 11.69 | AB60: =SUM(Z60:AA60) -> 304.25 | AC60: =ROUND(SUM(Z60*$D60*$C60/SUM($C$55:$C$66)),2) -> 0.61 | AD60: =+AD59+AC60 -> 9.48 | AE60: =+AD60+AB60 -> 313.73 | AF60: =+AH59 -> 3856.24 | AG60: 154.26 | AH60: =SUM(AF60:AG60) -> 4010.5 | AI60: =ROUND(SUM(AF60*$D60*$C60/SUM($C$55:$C$66)),2) -> 8.08 | AJ60: =+AJ59+AI60 -> 125.23 | AK60: =+AJ60+AH60 -> 4135.73 | AL60: =+AN59 -> 121.15 | AM60: 3.82 | AN60: =SUM(AL60:AM60) -> 124.97 | AO60: =ROUND(SUM(AL60*$D60*$C60/SUM($C$55:$C$66)),2) -> 0.25 | AP60: =+AP59+AO60 -> 3.93 | AQ60: =+AP60+AN60 -> 128.9 | AR60: =+AT59 -> 393.7 | AS60: 15.85 | AT60: =SUM(AR60:AS60) -> 409.55 | AU60: =ROUND(SUM(AR60*$D60*$C60/SUM($C$55:$C$66)),2) -> 0.83 | AV60: =+AV59+AU60 -> 12.78 | AW60: =+AV60+AT60 -> 422.33
B61: =+B60+C61 -> 46234 | C61: 31 | D61: =D60 -> 0.0255 | E61: =+I61+O61+U61+AA61+AG61+AM61+AS61 -> 9958.98 | F61: =+K61+Q61+W61+AC61+AI61+AO61+AU61 -> 510.8 | G61: =+F61+E61 -> 10469.78 | H61: =+J60 -> 159139.56 | I61: 6903.9 | J61: =SUM(H61:I61) -> 166043.46 | K61: =ROUND(SUM(H61*$D61*$C61/SUM($C$55:$C$66)),2) -> 344.66 | L61: =+L60+K61 -> 5273.05 | M61: =+L61+J61 -> 171316.51 | N61: =+P60 -> 31393.96 | O61: 1361.76 | P61: =SUM(N61:O61) -> 32755.72 | Q61: =ROUND(SUM(N61*$D61*$C61/SUM($C$55:$C$66)),2) -> 67.99 | R61: =+R60+Q61 -> 1037.92 | S61: =+R61+P61 -> 33793.64 | T61: =+V60 -> 40466.68 | U61: 1506.4 | V61: =SUM(T61:U61) -> 41973.08 | W61: =ROUND(SUM(T61*$D61*$C61/SUM($C$55:$C$66)),2) -> 87.64 | X61: =+X60+W61 -> 1336.05 | Y61: =+X61+V61 -> 43309.13 | Z61: =+AB60 -> 304.25 | AA61: 11.38 | AB61: =SUM(Z61:AA61) -> 315.63 | AC61: =ROUND(SUM(Z61*$D61*$C61/SUM($C$55:$C$66)),2) -> 0.66 | AD61: =+AD60+AC61 -> 10.14 | AE61: =+AD61+AB61 -> 325.77 | AF61: =+AH60 -> 4010.5 | AG61: 154.52 | AH61: =SUM(AF61:AG61) -> 4165.02 | AI61: =ROUND(SUM(AF61*$D61*$C61/SUM($C$55:$C$66)),2) -> 8.69 | AJ61: =+AJ60+AI61 -> 133.92 | AK61: =+AJ61+AH61 -> 4298.94 | AL61: =+AN60 -> 124.97 | AM61: 5.46 | AN61: =SUM(AL61:AM61) -> 130.43 | AO61: =ROUND(SUM(AL61*$D61*$C61/SUM($C$55:$C$66)),2) -> 0.27 | AP61: =+AP60+AO61 -> 4.2 | AQ61: =+AP61+AN61 -> 134.63 | AR61: =+AT60 -> 409.55 | AS61: 15.56 | AT61: =SUM(AR61:AS61) -> 425.11 | AU61: =ROUND(SUM(AR61*$D61*$C61/SUM($C$55:$C$66)),2) -> 0.89 | AV61: =+AV60+AU61 -> 13.67 | AW61: =+AV61+AT61 -> 438.78
B62: =+B61+C62 -> 46265 | C62: 31 | D62: =D61 -> 0.0255 | E62: =+I62+O62+U62+AA62+AG62+AM62+AS62 -> 9175.05 | F62: =+K62+Q62+W62+AC62+AI62+AO62+AU62 -> 532.35 | G62: =+F62+E62 -> 9707.4 | H62: =+J61 -> 166043.46 | I62: 6209.63 | J62: =SUM(H62:I62) -> 172253.09 | K62: =ROUND(SUM(H62*$D62*$C62/SUM($C$55:$C$66)),2) -> 359.61 | L62: =+L61+K62 -> 5632.66 | M62: =+L62+J62 -> 177885.75 | N62: =+P61 -> 32755.72 | O62: 1229.34 | P62: =SUM(N62:O62) -> 33985.06 | Q62: =ROUND(SUM(N62*$D62*$C62/SUM($C$55:$C$66)),2) -> 70.94 | R62: =+R61+Q62 -> 1108.86 | S62: =+R62+P62 -> 35093.92 | T62: =+V61 -> 41973.08 | U62: 1549.62 | V62: =SUM(T62:U62) -> 43522.7 | W62: =ROUND(SUM(T62*$D62*$C62/SUM($C$55:$C$66)),2) -> 90.9 | X62: =+X61+W62 -> 1426.95 | Y62: =+X62+V62 -> 44949.65 | Z62: =+AB61 -> 315.63 | AA62: 11.69 | AB62: =SUM(Z62:AA62) -> 327.32 | AC62: =ROUND(SUM(Z62*$D62*$C62/SUM($C$55:$C$66)),2) -> 0.68 | AD62: =+AD61+AC62 -> 10.82 | AE62: =+AD62+AB62 -> 338.14 | AF62: =+AH61 -> 4165.02 | AG62: 154.26 | AH62: =SUM(AF62:AG62) -> 4319.28 | AI62: =ROUND(SUM(AF62*$D62*$C62/SUM($C$55:$C$66)),2) -> 9.02 | AJ62: =+AJ61+AI62 -> 142.94 | AK62: =+AJ62+AH62 -> 4462.22 | AL62: =+AN61 -> 130.43 | AM62: 4.71 | AN62: =SUM(AL62:AM62) -> 135.14 | AO62: =ROUND(SUM(AL62*$D62*$C62/SUM($C$55:$C$66)),2) -> 0.28 | AP62: =+AP61+AO62 -> 4.48 | AQ62: =+AP62+AN62 -> 139.62 | AR62: =+AT61 -> 425.11 | AS62: 15.8 | AT62: =SUM(AR62:AS62) -> 440.91 | AU62: =ROUND(SUM(AR62*$D62*$C62/SUM($C$55:$C$66)),2) -> 0.92 | AV62: =+AV61+AU62 -> 14.59 | AW62: =+AV62+AT62 -> 455.5
B63: =+B62+C63 -> 46295 | C63: 30 | D63: =D62 -> 0.0255 | E63: =+I63+O63+U63+AA63+AG63+AM63+AS63 -> 9180.37 | F63: =+K63+Q63+W63+AC63+AI63+AO63+AU63 -> 534.41 | G63: =+F63+E63 -> 9714.78 | H63: =+J62 -> 172253.09 | I63: 6213.99 | J63: =SUM(H63:I63) -> 178467.08 | K63: =ROUND(SUM(H63*$D63*$C63/SUM($C$55:$C$66)),2) -> 361.02 | L63: =+L62+K63 -> 5993.68 | M63: =+L63+J63 -> 184460.76 | N63: =+P62 -> 33985.06 | O63: 1230.34 | P63: =SUM(N63:O63) -> 35215.4 | Q63: =ROUND(SUM(N63*$D63*$C63/SUM($C$55:$C$66)),2) -> 71.23 | R63: =+R62+Q63 -> 1180.09 | S63: =+R63+P63 -> 36395.49 | T63: =+V62 -> 43522.7 | U63: 1549.56 | V63: =SUM(T63:U63) -> 45072.26 | W63: =ROUND(SUM(T63*$D63*$C63/SUM($C$55:$C$66)),2) -> 91.22 | X63: =+X62+W63 -> 1518.17 | Y63: =+X63+V63 -> 46590.43 | Z63: =+AB62 -> 327.32 | AA63: 11.69 | AB63: =SUM(Z63:AA63) -> 339.01 | AC63: =ROUND(SUM(Z63*$D63*$C63/SUM($C$55:$C$66)),2) -> 0.69 | AD63: =+AD62+AC63 -> 11.51 | AE63: =+AD63+AB63 -> 350.52 | AF63: =+AH62 -> 4319.28 | AG63: 154.26 | AH63: =SUM(AF63:AG63) -> 4473.54 | AI63: =ROUND(SUM(AF63*$D63*$C63/SUM($C$55:$C$66)),2) -> 9.05 | AJ63: =+AJ62+AI63 -> 151.99 | AK63: =+AJ63+AH63 -> 4625.53 | AL63: =+AN62 -> 135.14 | AM63: 4.72 | AN63: =SUM(AL63:AM63) -> 139.86 | AO63: =ROUND(SUM(AL63*$D63*$C63/SUM($C$55:$C$66)),2) -> 0.28 | AP63: =+AP62+AO63 -> 4.76 | AQ63: =+AP63+AN63 -> 144.62 | AR63: =+AT62 -> 440.91 | AS63: 15.81 | AT63: =SUM(AR63:AS63) -> 456.72 | AU63: =ROUND(SUM(AR63*$D63*$C63/SUM($C$55:$C$66)),2) -> 0.92 | AV63: =+AV62+AU63 -> 15.51 | AW63: =+AV63+AT63 -> 472.23
B64: =+B63+C64 -> 46326 | C64: 31 | D64: =D63 -> 0.0255 | E64: =+I64+O64+U64+AA64+AG64+AM64+AS64 -> 9185.65 | F64: =+K64+Q64+W64+AC64+AI64+AO64+AU64 -> 572.12 | G64: =+F64+E64 -> 9757.77 | H64: =+J63 -> 178467.08 | I64: 6218.34 | J64: =SUM(H64:I64) -> 184685.42 | K64: =ROUND(SUM(H64*$D64*$C64/SUM($C$55:$C$66)),2) -> 386.52 | L64: =+L63+K64 -> 6380.2 | M64: =+L64+J64 -> 191065.62 | N64: =+P63 -> 35215.4 | O64: 1231.33 | P64: =SUM(N64:O64) -> 36446.73 | Q64: =ROUND(SUM(N64*$D64*$C64/SUM($C$55:$C$66)),2) -> 76.27 | R64: =+R63+Q64 -> 1256.36 | S64: =+R64+P64 -> 37703.09 | T64: =+V63 -> 45072.26 | U64: 1549.53 | V64: =SUM(T64:U64) -> 46621.79 | W64: =ROUND(SUM(T64*$D64*$C64/SUM($C$55:$C$66)),2) -> 97.62 | X64: =+X63+W64 -> 1615.79 | Y64: =+X64+V64 -> 48237.58 | Z64: =+AB63 -> 339.01 | AA64: 11.69 | AB64: =SUM(Z64:AA64) -> 350.7 | AC64: =ROUND(SUM(Z64*$D64*$C64/SUM($C$55:$C$66)),2) -> 0.73 | AD64: =+AD63+AC64 -> 12.24 | AE64: =+AD64+AB64 -> 362.94 | AF64: =+AH63 -> 4473.54 | AG64: 154.26 | AH64: =SUM(AF64:AG64) -> 4627.8 | AI64: =ROUND(SUM(AF64*$D64*$C64/SUM($C$55:$C$66)),2) -> 9.69 | AJ64: =+AJ63+AI64 -> 161.68 | AK64: =+AJ64+AH64 -> 4789.48 | AL64: =+AN63 -> 139.86 | AM64: 4.7 | AN64: =SUM(AL64:AM64) -> 144.56 | AO64: =ROUND(SUM(AL64*$D64*$C64/SUM($C$55:$C$66)),2) -> 0.3 | AP64: =+AP63+AO64 -> 5.06 | AQ64: =+AP64+AN64 -> 149.62 | AR64: =+AT63 -> 456.72 | AS64: 15.8 | AT64: =SUM(AR64:AS64) -> 472.52 | AU64: =ROUND(SUM(AR64*$D64*$C64/SUM($C$55:$C$66)),2) -> 0.99 | AV64: =+AV63+AU64 -> 16.5 | AW64: =+AV64+AT64 -> 489.02
B65: =+B64+C65 -> 46356 | C65: 30 | D65: =D64 -> 0.0255 | E65: =+I65+O65+U65+AA65+AG65+AM65+AS65 -> 9190.96 | F65: =+K65+Q65+W65+AC65+AI65+AO65+AU65 -> 572.91 | G65: =+F65+E65 -> 9763.87 | H65: =+J64 -> 184685.42 | I65: 6222.69 | J65: =SUM(H65:I65) -> 190908.11 | K65: =ROUND(SUM(H65*$D65*$C65/SUM($C$55:$C$66)),2) -> 387.08 | L65: =+L64+K65 -> 6767.28 | M65: =+L65+J65 -> 197675.39 | N65: =+P64 -> 36446.73 | O65: 1232.3 | P65: =SUM(N65:O65) -> 37679.03 | Q65: =ROUND(SUM(N65*$D65*$C65/SUM($C$55:$C$66)),2) -> 76.39 | R65: =+R64+Q65 -> 1332.75 | S65: =+R65+P65 -> 39011.78 | T65: =+V64 -> 46621.79 | U65: 1549.49 | V65: =SUM(T65:U65) -> 48171.28 | W65: =ROUND(SUM(T65*$D65*$C65/SUM($C$55:$C$66)),2) -> 97.71 | X65: =+X64+W65 -> 1713.5 | Y65: =+X65+V65 -> 49884.78 | Z65: =+AB64 -> 350.7 | AA65: 11.69 | AB65: =SUM(Z65:AA65) -> 362.39 | AC65: =ROUND(SUM(Z65*$D65*$C65/SUM($C$55:$C$66)),2) -> 0.74 | AD65: =+AD64+AC65 -> 12.98 | AE65: =+AD65+AB65 -> 375.37 | AF65: =+AH64 -> 4627.8 | AG65: 154.26 | AH65: =SUM(AF65:AG65) -> 4782.06 | AI65: =ROUND(SUM(AF65*$D65*$C65/SUM($C$55:$C$66)),2) -> 9.7 | AJ65: =+AJ64+AI65 -> 171.38 | AK65: =+AJ65+AH65 -> 4953.44 | AL65: =+AN64 -> 144.56 | AM65: 4.71 | AN65: =SUM(AL65:AM65) -> 149.27 | AO65: =ROUND(SUM(AL65*$D65*$C65/SUM($C$55:$C$66)),2) -> 0.3 | AP65: =+AP64+AO65 -> 5.36 | AQ65: =+AP65+AN65 -> 154.63 | AR65: =+AT64 -> 472.52 | AS65: 15.82 | AT65: =SUM(AR65:AS65) -> 488.34 | AU65: =ROUND(SUM(AR65*$D65*$C65/SUM($C$55:$C$66)),2) -> 0.99 | AV65: =+AV64+AU65 -> 17.49 | AW65: =+AV65+AT65 -> 505.83
B66: =+B65+C66 -> 46387 | C66: 31 | D66: =D65 -> 0.0255 | E66: =+I66+O66+U66+AA66+AG66+AM66+AS66 -> 9196.24 | F66: =+K66+Q66+W66+AC66+AI66+AO66+AU66 -> 611.91 | G66: =+F66+E66 -> 9808.15 | H66: =+J65 -> 190908.11 | I66: 6227.04 | J66: =SUM(H66:I66) -> 197135.15 | K66: =ROUND(SUM(H66*$D66*$C66/SUM($C$55:$C$66)),2) -> 413.46 | L66: =+L65+K66 -> 7180.74 | M66: =+L66+J66 -> 204315.89 | N66: =+P65 -> 37679.03 | O66: 1233.3 | P66: =SUM(N66:O66) -> 38912.33 | Q66: =ROUND(SUM(N66*$D66*$C66/SUM($C$55:$C$66)),2) -> 81.6 | R66: =+R65+Q66 -> 1414.35 | S66: =+R66+P66 -> 40326.68 | T66: =+V65 -> 48171.28 | U66: 1549.45 | V66: =SUM(T66:U66) -> 49720.73 | W66: =ROUND(SUM(T66*$D66*$C66/SUM($C$55:$C$66)),2) -> 104.33 | X66: =+X65+W66 -> 1817.83 | Y66: =+X66+V66 -> 51538.56 | Z66: =+AB65 -> 362.39 | AA66: 11.69 | AB66: =SUM(Z66:AA66) -> 374.08 | AC66: =ROUND(SUM(Z66*$D66*$C66/SUM($C$55:$C$66)),2) -> 0.78 | AD66: =+AD65+AC66 -> 13.76 | AE66: =+AD66+AB66 -> 387.84 | AF66: =+AH65 -> 4782.06 | AG66: 154.26 | AH66: =SUM(AF66:AG66) -> 4936.32 | AI66: =ROUND(SUM(AF66*$D66*$C66/SUM($C$55:$C$66)),2) -> 10.36 | AJ66: =+AJ65+AI66 -> 181.74 | AK66: =+AJ66+AH66 -> 5118.06 | AL66: =+AN65 -> 149.27 | AM66: 4.69 | AN66: =SUM(AL66:AM66) -> 153.96 | AO66: =ROUND(SUM(AL66*$D66*$C66/SUM($C$55:$C$66)),2) -> 0.32 | AP66: =+AP65+AO66 -> 5.68 | AQ66: =+AP66+AN66 -> 159.64 | AR66: =+AT65 -> 488.34 | AS66: 15.81 | AT66: =SUM(AR66:AS66) -> 504.15 | AU66: =ROUND(SUM(AR66*$D66*$C66/SUM($C$55:$C$66)),2) -> 1.06 | AV66: =+AV65+AU66 -> 18.55 | AW66: =+AV66+AT66 -> 522.7
B67: =+B66+C67 -> 46418 | C67: 31 | D67: =+D66 -> 0.0255 | E67: =+I67+O67+U67+AA67+AG67+AM67+AS67 -> 9201.55 | F67: =+K67+Q67+W67+AC67+AI67+AO67+AU67 -> 631.82 | G67: =+F67+E67 -> 9833.37 | H67: =+J66 -> 197135.15 | I67: 6231.41 | J67: =SUM(H67:I67) -> 203366.56 | K67: =ROUND(SUM(H67*$D67*$C67/365),2) -> 426.95 | L67: =+L66+K67 -> 7607.69 | M67: =+L67+J67 -> 210974.25 | N67: =+P66 -> 38912.33 | O67: 1234.29 | P67: =SUM(N67:O67) -> 40146.62 | Q67: =ROUND(SUM(N67*$D67*$C67/365),2) -> 84.27 | R67: =+R66+Q67 -> 1498.62 | S67: =+R67+P67 -> 41645.24 | T67: =+V66 -> 49720.73 | U67: 1549.39 | V67: =SUM(T67:U67) -> 51270.12 | W67: =ROUND(SUM(T67*$D67*$C67/365),2) -> 107.68 | X67: =+X66+W67 -> 1925.51 | Y67: =+X67+V67 -> 53195.63 | Z67: =+AB66 -> 374.08 | AA67: 11.69 | AB67: =SUM(Z67:AA67) -> 385.77 | AC67: =ROUND(SUM(Z67*$D67*$C67/365),2) -> 0.81 | AD67: =+AD66+AC67 -> 14.57 | AE67: =+AD67+AB67 -> 400.34 | AF67: =+AH66 -> 4936.32 | AG67: 154.26 | AH67: =SUM(AF67:AG67) -> 5090.58 | AI67: =ROUND(SUM(AF67*$D67*$C67/365),2) -> 10.69 | AJ67: =+AJ66+AI67 -> 192.43 | AK67: =+AJ67+AH67 -> 5283.01 | AL67: =+AN66 -> 153.96 | AM67: 4.68 | AN67: =SUM(AL67:AM67) -> 158.64 | AO67: =ROUND(SUM(AL67*$D67*$C67/365),2) -> 0.33 | AP67: =+AP66+AO67 -> 6.01 | AQ67: =+AP67+AN67 -> 164.65 | AR67: =+AT66 -> 504.15 | AS67: 15.83 | AT67: =SUM(AR67:AS67) -> 519.98 | AU67: =ROUND(SUM(AR67*$D67*$C67/365),2) -> 1.09 | AV67: =+AV66+AU67 -> 19.64 | AW67: =+AV67+AT67 -> 539.62
B68: =+B67+C68 -> 46446 | C68: 28 | D68: =+D67 -> 0.0255 | E68: =+I68+O68+U68+AA68+AG68+AM68+AS68 -> 9206.89 | F68: =+K68+Q68+W68+AC68+AI68+AO68+AU68 -> 588.68 | G68: =+F68+E68 -> 9795.57 | H68: =+J67 -> 203366.56 | I68: 6235.77 | J68: =SUM(H68:I68) -> 209602.33 | K68: =ROUND(SUM(H68*$D68*$C68/365),2) -> 397.82 | L68: =+L67+K68 -> 8005.51 | M68: =+L68+J68 -> 217607.84 | N68: =+P67 -> 40146.62 | O68: 1235.28 | P68: =SUM(N68:O68) -> 41381.9 | Q68: =ROUND(SUM(N68*$D68*$C68/365),2) -> 78.53 | R68: =+R67+Q68 -> 1577.15 | S68: =+R68+P68 -> 42959.05 | T68: =+V67 -> 51270.12 | U68: 1549.36 | V68: =SUM(T68:U68) -> 52819.48 | W68: =ROUND(SUM(T68*$D68*$C68/365),2) -> 100.29 | X68: =+X67+W68 -> 2025.8 | Y68: =+X68+V68 -> 54845.28 | Z68: =+AB67 -> 385.77 | AA68: 11.69 | AB68: =SUM(Z68:AA68) -> 397.46 | AC68: =ROUND(SUM(Z68*$D68*$C68/365),2) -> 0.75 | AD68: =+AD67+AC68 -> 15.32 | AE68: =+AD68+AB68 -> 412.78 | AF68: =+AH67 -> 5090.58 | AG68: 154.26 | AH68: =SUM(AF68:AG68) -> 5244.84 | AI68: =ROUND(SUM(AF68*$D68*$C68/365),2) -> 9.96 | AJ68: =+AJ67+AI68 -> 202.39 | AK68: =+AJ68+AH68 -> 5447.23 | AL68: =+AN67 -> 158.64 | AM68: 4.69 | AN68: =SUM(AL68:AM68) -> 163.33 | AO68: =ROUND(SUM(AL68*$D68*$C68/365),2) -> 0.31 | AP68: =+AP67+AO68 -> 6.32 | AQ68: =+AP68+AN68 -> 169.65 | AR68: =+AT67 -> 519.98 | AS68: 15.84 | AT68: =SUM(AR68:AS68) -> 535.82 | AU68: =ROUND(SUM(AR68*$D68*$C68/365),2) -> 1.02 | AV68: =+AV67+AU68 -> 20.66 | AW68: =+AV68+AT68 -> 556.48
B69: =+B68+C69 -> 46477 | C69: 31 | D69: =+D68 -> 0.0255 | E69: =+I69+O69+U69+AA69+AG69+AM69+AS69 -> 9212.19 | F69: =+K69+Q69+W69+AC69+AI69+AO69+AU69 -> 671.69 | G69: =+F69+E69 -> 9883.88 | H69: =+J68 -> 209602.33 | I69: 6240.15 | J69: =SUM(H69:I69) -> 215842.48 | K69: =ROUND(SUM(H69*$D69*$C69/365),2) -> 453.95 | L69: =+L68+K69 -> 8459.46 | M69: =+L69+J69 -> 224301.94 | N69: =+P68 -> 41381.9 | O69: 1236.27 | P69: =SUM(N69:O69) -> 42618.17 | Q69: =ROUND(SUM(N69*$D69*$C69/365),2) -> 89.62 | R69: =+R68+Q69 -> 1666.77 | S69: =+R69+P69 -> 44284.94 | T69: =+V68 -> 52819.48 | U69: 1549.32 | V69: =SUM(T69:U69) -> 54368.8 | W69: =ROUND(SUM(T69*$D69*$C69/365),2) -> 114.39 | X69: =+X68+W69 -> 2140.19 | Y69: =+X69+V69 -> 56508.99 | Z69: =+AB68 -> 397.46 | AA69: 11.69 | AB69: =SUM(Z69:AA69) -> 409.15 | AC69: =ROUND(SUM(Z69*$D69*$C69/365),2) -> 0.86 | AD69: =+AD68+AC69 -> 16.18 | AE69: =+AD69+AB69 -> 425.33 | AF69: =+AH68 -> 5244.84 | AG69: 154.26 | AH69: =SUM(AF69:AG69) -> 5399.1 | AI69: =ROUND(SUM(AF69*$D69*$C69/365),2) -> 11.36 | AJ69: =+AJ68+AI69 -> 213.75 | AK69: =+AJ69+AH69 -> 5612.85 | AL69: =+AN68 -> 163.33 | AM69: 4.67 | AN69: =SUM(AL69:AM69) -> 168 | AO69: =ROUND(SUM(AL69*$D69*$C69/365),2) -> 0.35 | AP69: =+AP68+AO69 -> 6.67 | AQ69: =+AP69+AN69 -> 174.67 | AR69: =+AT68 -> 535.82 | AS69: 15.83 | AT69: =SUM(AR69:AS69) -> 551.65 | AU69: =ROUND(SUM(AR69*$D69*$C69/365),2) -> 1.16 | AV69: =+AV68+AU69 -> 21.82 | AW69: =+AV69+AT69 -> 573.47
B70: =+B69+C70 -> 46507 | C70: 30 | D70: =+D69 -> 0.0255 | E70: =+I70+O70+U70+AA70+AG70+AM70+AS70 -> 9217.52 | F70: =+K70+Q70+W70+AC70+AI70+AO70+AU70 -> 669.34 | G70: =+F70+E70 -> 9886.86 | H70: =+J69 -> 215842.48 | I70: 6244.5 | J70: =SUM(H70:I70) -> 222086.98 | K70: =ROUND(SUM(H70*$D70*$C70/365),2) -> 452.38 | L70: =+L69+K70 -> 8911.84 | M70: =+L70+J70 -> 230998.82 | N70: =+P69 -> 42618.17 | O70: 1237.26 | P70: =SUM(N70:O70) -> 43855.43 | Q70: =ROUND(SUM(N70*$D70*$C70/365),2) -> 89.32 | R70: =+R69+Q70 -> 1756.09 | S70: =+R70+P70 -> 45611.52 | T70: =+V69 -> 54368.8 | U70: 1549.28 | V70: =SUM(T70:U70) -> 55918.08 | W70: =ROUND(SUM(T70*$D70*$C70/365),2) -> 113.95 | X70: =+X69+W70 -> 2254.14 | Y70: =+X70+V70 -> 58172.22 | Z70: =+AB69 -> 409.15 | AA70: 11.69 | AB70: =SUM(Z70:AA70) -> 420.84 | AC70: =ROUND(SUM(Z70*$D70*$C70/365),2) -> 0.86 | AD70: =+AD69+AC70 -> 17.04 | AE70: =+AD70+AB70 -> 437.88 | AF70: =+AH69 -> 5399.1 | AG70: 154.26 | AH70: =SUM(AF70:AG70) -> 5553.36 | AI70: =ROUND(SUM(AF70*$D70*$C70/365),2) -> 11.32 | AJ70: =+AJ69+AI70 -> 225.07 | AK70: =+AJ70+AH70 -> 5778.43 | AL70: =+AN69 -> 168 | AM70: 4.68 | AN70: =SUM(AL70:AM70) -> 172.68 | AO70: =ROUND(SUM(AL70*$D70*$C70/365),2) -> 0.35 | AP70: =+AP69+AO70 -> 7.02 | AQ70: =+AP70+AN70 -> 179.7 | AR70: =+AT69 -> 551.65 | AS70: 15.85 | AT70: =SUM(AR70:AS70) -> 567.5 | AU70: =ROUND(SUM(AR70*$D70*$C70/365),2) -> 1.16 | AV70: =+AV69+AU70 -> 22.98 | AW70: =+AV70+AT70 -> 590.48
B71: Subtotal 2024 Actual | E71: =+SUM(E35:E42) -> 72145.19 | F71: =+SUM(F35:F42) -> 967.81 | G71: =+SUM(G35:G42) -> 73113 | I71: =+SUM(I35:I42) -> 48810.63 | K71: =+SUM(K35:K42) -> 653.19 | O71: =+SUM(O35:O42) -> 9623.07 | Q71: =+SUM(Q35:Q42) -> 127.7 | U71: =+SUM(U35:U42) -> 12220.96 | W71: =+SUM(W35:W42) -> 166.43 | AA71: =+SUM(AA35:AA42) -> 91.83 | AC71: =+SUM(AC35:AC42) -> 1.28 | AG71: =+SUM(AG35:AG42) -> 1233.82 | AI71: =+SUM(AI35:AI42) -> 16.95 | AM71: =+SUM(AM35:AM42) -> 39.29 | AO71: =+SUM(AO35:AO42) -> 0.53 | AS71: =+SUM(AS35:AS42) -> 125.59 | AU71: =+SUM(AU35:AU42) -> 1.73
B72: Subtotal 2025 Actual | E72: =+SUM(E43:E54) -> 109461.88 | F72: =+SUM(F43:F54) -> 3753.03 | G72: =+SUM(G43:G54) -> 113214.91 | I72: =+SUM(I43:I54) -> 73941.5 | K72: =+SUM(K43:K54) -> 2535.29 | O72: =+SUM(O43:O54) -> 14607.64 | Q72: =+SUM(Q43:Q54) -> 499.08 | U72: =+SUM(U43:U54) -> 18672.71 | W72: =+SUM(W43:W54) -> 640.83 | AA72: =+SUM(AA43:AA54) -> 142.28 | AC72: =+SUM(AC43:AC54) -> 4.87 | AG72: =+SUM(AG43:AG54) -> 1851.12 | AI72: =+SUM(AI43:AI54) -> 64.37 | AM72: =+SUM(AM43:AM54) -> 57.73 | AO72: =+SUM(AO43:AO54) -> 2.03 | AS72: =+SUM(AS43:AS54) -> 188.9 | AU72: =+SUM(AU43:AU54) -> 6.56
B73: Subtotal 2026 Actual | E73: =+SUM(E55:E60) -> 54242.4 | F73: =+SUM(F55:F60) -> 2577.31 | G73: =+SUM(G55:G60) -> 56819.71 | I73: =+SUM(I55:I60) -> 36387.43 | K73: =+SUM(K55:K60) -> 1739.91 | O73: =+SUM(O55:O60) -> 7163.25 | Q73: =+SUM(Q55:Q60) -> 343.15 | U73: =+SUM(U55:U60) -> 9573.01 | W73: =+SUM(W55:W60) -> 441.15 | AA73: =+SUM(AA55:AA60) -> 70.14 | AC73: =+SUM(AC55:AC60) -> 3.33 | AG73: =+SUM(AG55:AG60) -> 925.56 | AI73: =+SUM(AI55:AI60) -> 43.91 | AM73: =+SUM(AM55:AM60) -> 27.95 | AO73: =+SUM(AO55:AO60) -> 1.37 | AS73: =+SUM(AS55:AS60) -> 95.06 | AU73: =+SUM(AU55:AU60) -> 4.49
B74: Subtotal 2026 Forecast | E74: =+SUM(E61:E66) -> 55887.25 | F74: =+SUM(F61:F66) -> 3334.5 | G74: =+SUM(G61:G66) -> 59221.75 | I74: =+SUM(I61:I66) -> 37995.59 | K74: =+SUM(K61:K66) -> 2252.35 | O74: =+SUM(O61:O66) -> 7518.37 | Q74: =+SUM(Q61:Q66) -> 444.42 | U74: =+SUM(U61:U66) -> 9254.05 | W74: =+SUM(W61:W66) -> 569.42 | AA74: =+SUM(AA61:AA66) -> 69.83 | AC74: =+SUM(AC61:AC66) -> 4.28 | AG74: =+SUM(AG61:AG66) -> 925.82 | AI74: =+SUM(AI61:AI66) -> 56.51 | AM74: =+SUM(AM61:AM66) -> 28.99 | AO74: =+SUM(AO61:AO66) -> 1.75 | AS74: =+SUM(AS61:AS66) -> 94.6 | AU74: =+SUM(AU61:AU66) -> 5.77
B75: Subtotal 2027 Forecast | E75: =+SUM(E67:E70) -> 36838.15 | F75: =+SUM(F67:F70) -> 2561.53 | G75: =+SUM(G67:G70) -> 39399.68 | I75: =+SUM(I67:I70) -> 24951.83 | K75: =+SUM(K67:K70) -> 1731.1 | O75: =+SUM(O67:O70) -> 4943.1 | Q75: =+SUM(Q67:Q70) -> 341.74 | U75: =+SUM(U67:U70) -> 6197.35 | W75: =+SUM(W67:W70) -> 436.31 | AA75: =+SUM(AA67:AA70) -> 46.76 | AC75: =+SUM(AC67:AC70) -> 3.28 | AG75: =+SUM(AG67:AG70) -> 617.04 | AI75: =+SUM(AI67:AI70) -> 43.33 | AM75: =+SUM(AM67:AM70) -> 18.72 | AO75: =+SUM(AO67:AO70) -> 1.34 | AS75: =+SUM(AS67:AS70) -> 63.35 | AU75: =+SUM(AU67:AU70) -> 4.43
B76: TOTAL ACM REVENUE | E76: =SUM(E71:E75) -> 328574.87 | F76: =SUM(F71:F75) -> 13194.18 | G76: =SUM(G71:G75) -> 341769.05 | I76: =SUM(I71:I75) -> 222086.98 | J76: =SUM(I76:I76) -> 222086.98 | K76: =SUM(K71:K75) -> 8911.84 | L76: =+K76 -> 8911.84 | M76: =+L76+J76 -> 230998.82 | O76: =SUM(O71:O75) -> 43855.43 | P76: =SUM(O76:O76) -> 43855.43 | Q76: =SUM(Q71:Q75) -> 1756.09 | R76: =+Q76 -> 1756.09 | S76: =+R76+P76 -> 45611.52 | U76: =SUM(U71:U75) -> 55918.08 | V76: =SUM(U76:U76) -> 55918.08 | W76: =SUM(W71:W75) -> 2254.14 | X76: =+W76 -> 2254.14 | Y76: =+X76+V76 -> 58172.22 | AA76: =SUM(AA71:AA75) -> 420.84 | AB76: =SUM(AA76:AA76) -> 420.84 | AC76: =SUM(AC71:AC75) -> 17.04 | AD76: =+AC76 -> 17.04 | AE76: =+AD76+AB76 -> 437.88 | AG76: =SUM(AG71:AG75) -> 5553.36 | AH76: =SUM(AG76:AG76) -> 5553.36 | AI76: =SUM(AI71:AI75) -> 225.07 | AJ76: =+AI76 -> 225.07 | AK76: =+AJ76+AH76 -> 5778.43 | AM76: =SUM(AM71:AM75) -> 172.68 | AN76: =SUM(AM76:AM76) -> 172.68 | AO76: =SUM(AO71:AO75) -> 7.02 | AP76: =+AO76 -> 7.02 | AQ76: =+AP76+AN76 -> 179.7 | AS76: =SUM(AS71:AS75) -> 567.5 | AT76: =SUM(AS76:AS76) -> 567.5 | AU76: =SUM(AU71:AU75) -> 22.98 | AV76: =+AU76 -> 22.98 | AW76: =+AV76+AT76 -> 590.48
B79: ACM Rate Riders billed to customers for the period of May 2024 to June 2026.
B80: The anticipated unbilled ACM Rate Rider Revenue is projected using the forecasted customer counts from the load forecast for the period of July 2026 to April 2027.

Sheet ACM Refund Proposed
B6: ACM RATE RIDER REVENUES AND CARRYING CHARGES SUMMARY
C7: 2024 Actual | D7: 2025 Actual | E7: 2026 Bridge | F7: 2027 Test | G7: TOTAL
C8: $ | D8: $ | E8: $ | F8: $ | G8: $
B10: ACM Rate Rider Revenues | C10: =+'ACM RR Revenue'!C22 -> 72145.19 | D10: =+'ACM RR Revenue'!D22 -> 109461.88 | E10: =+'ACM RR Revenue'!E22+'ACM RR Revenue'!F22 -> 110129.65 | F10: =+'ACM RR Revenue'!G22 -> 36838.15 | G10: =SUM(C10:F10) -> 328574.87
B11: Carrying Charges | C11: =+'ACM RR Revenue'!F71 -> 967.81 | D11: =+'ACM RR Revenue'!F72 -> 3753.03 | E11: =+'ACM RR Revenue'!F73+'ACM RR Revenue'!F74 -> 5911.81 | F11: =+'ACM RR Revenue'!F75 -> 2561.53 | G11: =SUM(C11:F11) -> 13194.18
B12: Total Projected Revenues with Interest to April 30, 2027 | C12: =SUM(C10:C11) -> 73113 | D12: =SUM(D10:D11) -> 113214.91 | E12: =SUM(E10:E11) -> 116041.46 | F12: =SUM(F10:F11) -> 39399.68 | G12: =SUM(G10:G11) -> 341769.05
B14: Proposed Refund to Customers | G14: =-G12 -> -341769.05
B17: The total ACM Revenue is proposed to be refunded to customers with interest.
B18: Please refer to Section 2.7.3 in Exhibit 2 for additional information.

Sheet ACM RR
B6: RATE RIDER CALCULATION FOR ACM REFUND
B7: Rate Class | C7: Units | D7: kW / kWh / # of Customers | E7: Allocated Account 1508 ACM Balance | F7: Rate Rider for ACM Refund
E8: $ | F8: $
B9: RESIDENTIAL SERVICE | C9: # of Customers | D9: 156277.41 | E9: =-'ACM RR Revenue'!J12 -> -230998.82 | F9: =ROUND(IF(E9=0,0,+E9/D9)/12,2) -> -0.12
B10: GENERAL SERVICE LESS THAN 50 KW | C10: # of Customers | D10: 13763.95 | E10: =-'ACM RR Revenue'!J13 -> -45611.52 | F10: =ROUND(IF(E10=0,0,+E10/D10)/12,2) -> -0.28
B11: GENERAL SERVICE 50 TO 4,999 KW | C11: # of Customers | D11: 1518.83 | E11: =-'ACM RR Revenue'!J14 -> -58172.22 | F11: =ROUND(IF(E11=0,0,+E11/D11)/12,2) -> -3.19
B12: GENERAL SERVICE 1,000 TO 4,999 KW (CO-GENERATION) | C12: # of Customers | D12: 7 | E12: =-'ACM RR Revenue'!J15 -> -437.88 | F12: =ROUND(IF(E12=0,0,+E12/D12)/12,2) -> -5.21
B13: STANDBY POWER | C13: # of Customers | D13: 7 | E13: =-'ACM RR Revenue'!J16 -> 0 | F13: =ROUND(IF(E13=0,0,+E13/D13)/12,2) -> 0
B14: LARGE USE SERVICE | C14: # of Customers | D14: 2 | E14: =-'ACM RR Revenue'!J17 -> -5778.43 | F14: =ROUND(IF(E14=0,0,+E14/D14)/12,2) -> -240.77
B15: STREET LIGHTING | C15: # of Customers | D15: 41542.97 | E15: =-'ACM RR Revenue'!J18 -> 0 | F15: =ROUND(IF(E15=0,0,+E15/D15)/12,2) -> 0
B16: SENTINEL LIGHTING | C16: # of Customers | D16: 466.21 | E16: =-'ACM RR Revenue'!J19 -> -179.7 | F16: =ROUND(IF(E16=0,0,+E16/D16)/12,2) -> -0.03
B17: UNMETERED SCATTERED LOAD | C17: # of Customers | D17: 1585.32 | E17: =-'ACM RR Revenue'!J20 -> -590.48 | F17: =ROUND(IF(E17=0,0,+E17/D17)/12,2) -> -0.03
B19: Total | E19: =SUM(E9:E17) -> -341769.05
B21: Disposition is proposed through a fixed monthly rate rider, based on the number of customers in each relevant rate classes, to refund the total revenues to customers of the same rate classes whom it was collected from, with applicable carrying charges, over a 1-year default disposition period.
B22: This rate rider is applicable to all rate classes except Street Lighting and Standby Power.
B23: Disposition is proposed through a fixed monthly rate rider based on the number of customers in each relevant rate classes.
